 Dungeon Crawl Stone Soup version 0.21-a0-142-gdd972a7 (webtiles) character file.

3572055 MackTheKnife the Conqueror (level 27, 299/299 HPs)
             Began as a Deep Dwarf Necromancer on July 22, 2017.
             Was the Champion of Makhleb.
             Escaped with the Orb
             ... and 5 runes!
             The game lasted 03:39:32 (63400 turns).

MackTheKnife the Conqueror (DDNe)                  Turns: 63400, Time: 03:39:33

Health: 299/299    AC: 32    Str: 27    XL:     27
Magic:  25/33      EV: 21    Int: 25    God:    Makhleb [******]
Gold:   3728       SH: 22    Dex: 11    Spells: 10/52 levels left

rFire    + + +     SeeInvis +   a - +9 broad axe (vamp) {!w}
rCold    + + +     Gourm    .   y - +3 shield of the Moneychanger {*Contam rElec rF+ Slay+5}
rNeg     + + +     Faith    +   F - +3 scale mail of Hairiness {rF+ rC+}
rPois    +         Spirit   .   b - +2 helmet of Fedhas's Outrage {rF+ rN+ Stlth+}
rElec    +         Reflect  .   V - +4 dragonskin cloak
rCorr    .         Harm     .   t - +3 pair of gloves "Acidijor" {+Blink Str-3 Int+7}
MR       +++++                  G - +2 pair of boots {run}
Stlth    +.........             c - amulet of Gawaelo {Faith rN++ MP+9 SInv}
HPRegen  0.00/turn              P - ring of Joy {rC++ MR+}
MPRegen  0.23/turn              u - ring "Umex" {Wiz rF+ Str+8 Int+3 Dex-2}

@: non-regenerating, quick
A: damage resistance, heal wounds, icy blue scales 1, large bone plates 1,
camouflage 1, blurry vision 1, dopey 2, negative energy resistance 1, sense
surroundings 3, robust 1, wild magic 1, no regeneration
0: Orb of Zot
}: 5/15 runes: serpentine, barnacled, slimy, silver, abyssal
a: Heal Wounds, Minor Destruction, Lesser Servant of Makhleb, Major Destruction,
Greater Servant of Makhleb, Renounce Religion, Evoke Blink


You escaped.
You worshipped Makhleb.
Makhleb was exalted by your worship.
You were very full.

You visited 12 branches of the dungeon, and saw 58 of its levels.
You visited the Abyss 2 times.
You visited 1 bazaar.
You visited 1 ziggurat, and saw 19 of its levels.
You also visited: Ice Cave and Desolation.

You collected 8285 gold pieces.
You spent 4557 gold pieces at shops.

Inventory:

Hand Weapons
 a - a +9 vampiric broad axe (weapon) {!w}
   (You took it off a naga on level 4 of the Snake Pit)
Armour
 b - the +2 helmet of Fedhas's Outrage (worn) {rF+ rN+ Stlth+}
   (You found it on level 4 of a ziggurat)

   It protects you from fire.
   It protects you from negative energy.
   It makes you more stealthy.
 t - the +3 pair of gloves "Acidijor" (worn) {+Blink Str-3 Int+7}
   (You found it on level 3 of the Abyss)

   It affects your strength (-3).
   It affects your intelligence (+7).
   It lets you blink.
 y - the +3 shield of the Moneychanger (worn) {*Contam rElec rF+ Slay+5}
   (You bought it in a shop on level 2 of the Vaults)

   It affects your accuracy and damage with ranged weapons and melee attacks
   (+5).
   It protects you from fire.
   It insulates you from electricity.
   It causes magical contamination when unequipped.
 F - the +3 scale mail of Hairiness (worn) {rF+ rC+}
   (You bought it in a shop on level 2 of the Orcish Mines)

   It protects you from fire.
   It protects you from cold.
 G - a +2 pair of boots of running (worn)
   (You found it on level 5 of the Pits of Slime)
 V - the +4 dragonskin cloak (worn)
   (You took it off Tiamat on level 5 of the Depths)
Jewellery
 c - the amulet of Gawaelo (around neck) {Faith rN++ MP+9 SInv}
   (You bought it in a shop on level 2 of the Orcish Mines)

   [amulet of faith]

   It allows you to gain divine favour quickly.
   It greatly protects you from negative energy.
   It affects your magic capacity (+9).
   It lets you see invisible.
 o - an uncursed ring of flight {+Fly, !d}
   (You found it on level 6 of a ziggurat)
 u - the ring "Umex" (right hand) {Wiz rF+ Str+8 Int+3 Dex-2}
   (You found it in the Desolation of Salt)

   [ring of wizardry]

   It improves your spell success rate.
   It affects your strength (+8).
   It affects your intelligence (+3).
   It affects your dexterity (-2).
   It protects you from fire.
 E - an uncursed ring of resist corrosion
   (You acquired it on level 3 of the Elven Halls)
 P - the ring of Joy (left hand) {rC++ MR+}
   (You found it on level 9 of a ziggurat)

   [ring of protection from magic]

   It greatly protects you from cold.
   It affects your resistance to hostile enchantments.
Wands
 r - a wand of clouds (2/9)
   (You found it on level 3 of the Abyss)
 z - a wand of digging (5/24)
   (You found it on level 4 of the Lair of Beasts)
 L - a wand of clouds (4/9)
   (You took it off Maurice on level 8 of the Dungeon)
 T - a wand of acid (10/15)
   (You found it on level 14 of the Dungeon)
 U - a wand of clouds (2/9)
   (You found it on level 4 of the Depths)
Scrolls
 d - 6 scrolls of identify
 h - 24 scrolls of teleportation
 l - 11 scrolls of magic mapping {!r}
 p - a scroll of holy word {!r}
 s - 7 scrolls of blinking {!r}
 x - 4 scrolls of enchant armour
 B - 11 scrolls of fog
 D - 2 scrolls of silence
 J - 10 scrolls of recharging
 Q - 3 scrolls of fear
 S - 35 scrolls of remove curse
Potions
 f - 12 potions of curing
 g - 3 potions of resistance
 i - a potion of might
 k - 3 potions of agility
 m - 11 potions of flight
 q - 5 potions of magic
 v - 12 potions of brilliance
 w - 2 potions of invisibility
 W - 3 potions of ambrosia
 Z - 9 potions of heal wounds
Miscellaneous
 e - a phial of floods
   (You found it on level 3 of the Elven Halls)
 C - a lamp of fire
   (You found it on level 5 of the Lair of Beasts)
 H - a fan of gales
   (You found it on level 3 of the Elven Halls)
 M - a lightning rod (4/4)
   (You found it on level 5 of the Lair of Beasts)
 R - a sack of spiders
 X - a phantom mirror
Comestibles
 j - 25 meat rations {@e2}
 n - 45 royal jellies
 K - 54 fruits


   Skills:
 O Level 27 Fighting
 - Level 21.8 Axes
 - Level 14.4 Armour
 - Level 20.6 Dodging
 - Level 2.4 Stealth
 - Level 16.0 Shields
 - Level 13.3 Spellcasting
 - Level 10.6 Charms
 + Level 21.1 Necromancy
 - Level 8.9 Air Magic
 - Level 21.5 Invocations
 - Level 14.7 Evocations


You had 10 spell levels left.
You knew the following spells:

 Your Spells              Type           Power        Failure   Level  Hunger
a - Pain                  Necr           ####         1%          1    None
b - Death Channel         Necr           ########..   1%          6    #####..
c - Agony                 Necr           ########     1%          5    ###....
d - Dispel Undead         Necr           ########     1%          5    ###....
e - Deflect Missiles      Chrm/Air       ######....   10%         6    #####..
g - Apportation           Tloc           ###...       4%          1    None
x - Vampiric Draining     Necr           ########..   1%          3    None
z - Animate Skeleton      Necr           N/A          1%          1    None
A - Animate Dead          Necr           N/A          1%          4    None
R - Borgnjor's Revivific  Necr           ########..   4%          8    #######
S - Song of Slaying       Chrm           ######..     1%          2    None


Dungeon Overview and Level Annotations

Branches:
Dungeon (15/15)            Temple (1/1) D:5            Lair (6/6) D:11
 Shoals (4/4) Lair:2        Snake (4/4) Lair:3        Slime (5/5) Lair:6
    Orc (2/2) D:9             Elf (3/3) Orc:2        Vaults (5/5) D:13
  Crypt (3/3) Vaults:3       Tomb (0/3) Crypt:3      Depths (5/5) D:15
    Zot (5/5) Depths:5

Altars:
Ashenzari
Cheibriados
Dithmenos
Elyvilon
Fedhas
Gozag
Hepliaklqana
Kikubaaqudgha
Makhleb
Nemelex Xobeh
Qazlal
Ru
Sif Muna
Trog
Uskayaw
Vehumet
Wu Jian
Xom
Yredelemnul
Zin
The Shining One
Beogh
Jiyva
Lugonu

Shops:
D:10 *   Orc:2 =(=[[   Shoals:4 !   Snake:1 }**   Snake:3 [?}?   Snake:4 (=*[
Vaults:2 [[%[!   Vaults:3 %   Depths:1 %

Portals:
Hell: Depths:1 Depths:2 Depths:3 Depths:4 Depths:5
Abyss: Depths:1 Depths:3 Depths:4
Pandemonium: Depths:3

Annotations:
D:5 exclusions: slave and upstairs, Pikel
D:6 exclusion: downstairs
D:9 exclusions: Joseph and electric eel, Joseph
Elf:2 3 runed doors


Innate Abilities, Weirdness & Mutations

You are resistant to damage.
You can heal yourself by infusing magical energy.
You resist negative energy. (rN+)
You passively map a large area around you.
You do not regenerate.
You are partially covered in icy blue scales. (AC +2)
You are partially covered in large bone plates. (SH +4)
Your skin changes colour to match your surroundings (Stealth+).
Scrolls take you a little longer to read.
You are very dopey. (Int -4)
You are robust. (+10% HP)
Your spells are a little harder to cast, but a little more powerful.


Message History

You slash the sun demon! x2; You barely miss the sun demon.
You block the sun demon's attack. x3
You hit the sun demon but do no damage. x2; You completely miss the sun demon.
The sun demon completely misses you. The sun demon misses you.
You completely miss the sun demon. You hit the sun demon.
You barely miss the sun demon. The sun demon completely misses you.
You block the sun demon's attack.
You slice the sun demon!!
You kill the sun demon!
Makhleb accepts your kill.
You feel better.
You slash the sun demon!
You kill the sun demon!
Makhleb accepts your kill.
You feel better.
You slice the sun demon!! You block the sun demon's attack.
You regained 26 hp, and now have 272/327 hp.
You slash the sun demon!
You kill the sun demon!
Makhleb accepts your kill.
You feel better.
You regained 10 hp, and now have 282/327 hp.
No target in view!
A goblin comes into view. It is wielding a dagger.
The goblin unwields an uncursed dagger.
The goblin wields a hunting sling.
The goblin shoots a sling bullet.
You block the sling bullet.
You see here a sling bullet.
Nihilbene's ghost turns its malevolent gaze towards you.
The goblin moves out of view.
A chaos spawn comes into view.
Nihilbene's ghost misses you.
You cut nihilbene's ghost into ribbons!!!
You hear a howl!
You block nihilbene's ghost's attack.
Here: nihilbene's ghost (almost destroyed)
The floor.
Unknown command.
You slash nihilbene's ghost!
You destroy nihilbene's ghost!
Makhleb accepts your kill.
You feel better.
The goblin shoots a sling bullet.
You block the sling bullet.
You regained 7 hp, and now have 289/327 hp.
A giant cockroach and a howler monkey come into view.
You slash the goblin!
You feel better.
You kill the goblin!
Makhleb accepts your kill.
You feel better.
You slice the giant cockroach!!
You feel better.
You kill the giant cockroach!
Makhleb accepts your kill.
You feel better.
You regained 9 hp, and now have 298/327 hp.
You slice the chaos spawn!!
You kill the chaos spawn!
Makhleb accepts your kill.
The chaos spawn degenerates into a cloud of primal chaos!
You slice the howler monkey!!
You feel better.
You kill the howler monkey!
Makhleb accepts your kill.
You feel better.
You regained 11 hp, and now have 309/327 hp.
No target in view!
No target in view!
You see here a sling bullet.
There is a stone staircase leading up here.
You climb upwards.
There is a stone staircase leading down here.
A white imp comes into view.
There is a stone staircase leading up here.
You climb upwards.
There is a stone staircase leading down here.
A sun demon comes into view.
The sun demon shouts!
You block the sun demon's attack. You block the sun demon's attack.
You block the sun demon's attack.
You slash the sun demon! You block the sun demon's attack.
There is an open door here.
The sun demon closely misses you.
There is an open door here.
You barely miss the sun demon. You block the sun demon's attack.
There is an open door here.
There is a staircase leading out of the dungeon here.
Okay, then.
Unknown command.
Unknown command.
You hit the sun demon. You block the sun demon's attack.
You slice the sun demon!!
The sun demon hits you but does no damage.
You closely miss the sun demon. You hit the sun demon.
You block the sun demon's attack.
You slice the sun demon!!
You kill the sun demon!
Makhleb accepts your kill.
You feel better.
You regained 13 hp, and now have 322/327 hp.
Okay, then.
Unknown command.
Your body is healed in an amazingly painful way.
You take 23 damage, and have 299/299 hp.
You now have 25/33 mp.
You have escaped!

.....%...## ######.....#
(.......## #...####...########
#######.# #.#'# #..........## #.#
#.#.# #.###.......# ###.#
##.#'####.###.....#.#
###...#####..#.#)...[.......#.#
###...........##'####.###.....#.#
#...###...#####...#######.....#.#
#.......#.'.'.+.@.'.'.'.......#.#
...######.#####...#########[....#
...# #..# ##'##...Z.....#####
#.## #.## #.#....####### #.# #.#
#'#..Z## #.######.# #.#.###
#........#######'#.#
#.##...............#
.....###########.###


There were no monsters in sight!

Vanquished Creatures
  Dissolution (Slime:2)
  the Royal Jelly (Slime:5)
  Tiamat (Depths:5)
  9 orbs of fire
  9 juggernauts
  6 ancient liches
  A greater mummy (Depths:3)
  Frederick (Crypt:2)
  A curse toe (Zot:5)
  Saint Roka (Elf:3)
  3 Killer Klowns
  3 bone dragons
  2 profane servitors (Crypt:3)
  10 golden dragons
  Jorgrun (Snake:3)
  3 electric golems
  18 tentacled monstrosities
  A Hell Sentinel (Abyss:4)
  7 liches
  2 hellephants (Zig:18)
  21 Orb Guardians
  5 titans
  Asterion (Snake:4)
  2 deep elf master archers (Elf:3)
  8 quicksilver dragons
  4 death cobs
  A deep elf blademaster (Elf:3)
  7 sphinxes
  31 acid blobs
  Polyphemus (Shoals:2)
  9 ancient champions
  2 tentacled starspawn
  13 shadow dragons
  13 storm dragons
  5 tengu reavers
  4 draconian monks
  Ilsuiw (Shoals:3)
  4 revenants
  3 iron dragons
  8 nagarajas
  16 azure jellies
  The ghost of Yermak the Spry, an adept SpHu of Qazlal (Shoals:3)
  8 frost giants
  10 fire giants
  9 deep elf sorcerers
  A balrug (D:3)
  5 ghost moths
  11 orc warlords
  2 imperial myrmidons (Desolation)
  5 draconian shifters
  19 vault wardens
  3 draconian knights
  4 angels
  A cacodemon (Abyss:3)
  7 deep elf elementalists
  A draconian scorcher (Zot:3)
  6 draconian annihilators
  4 ghouls
  2 curse skulls
  5 draconian stormcallers
  18 ironheart preservers
  13 very ugly things
  4 spriggan defenders
  2 ophanim (Abyss:3)
  4 reapers
  17 stone giants
  3 war gargoyles (Vaults:5)
  3 entropy weavers
  8 green draconians
  11 vampire knights
  2 black suns
  6 white draconians
  Nessos (D:13)
  3 deep elf demonologists
  5 deep elf annihilators
  Azrael (D:13)
  4 red draconians
  A spark wasp (Depths:4)
  The ghost of braks the Gelid, a journeyman DEIE of Vehumet (D:12)
  4 dire elephants (Zig:18)
  2 yellow draconians
  9 purple draconians
  14 black draconians
  7 eidola
  A green death (Zig:12)
  A halazid warlock (Desolation)
  6 deep elf death magi
  8 ettins
  4 crystal guardians
  6 jiangshi
  4 mummy priests
  9 fire dragons
  4 merfolk javelineers (Shoals:4)
  A quicksilver dragon zombie (Crypt:2)
  8 deep elf high priests
  Josephine (Orc:1)
  10 death oozes
  6 merfolk impalers (Shoals:4)
  16 yaktaur captains
  Harold (Lair:2)
  6 ragged hierophants (Desolation)
  12 great orbs of eyes
  6 servants of whispers (Desolation)
  28 vault guards
  5 ice dragons
  4 rakshasas
  10 peacekeepers (Desolation)
  4 naga warriors
  5 death knights
  4 catoblepae
  5 quicksilver dragon skeletons
  2 alligator snapping turtles
  3 spriggan air magi
  An anaconda (shapeshifter) (Zig:13)
  22 hydras
  2 merfolk avatars
  3 merfolk aquamancers
  Erica (Lair:2)
  15 ogre magi
  48 two-headed ogres
  3 ghost crabs (Zig:12)
  7 centaur warriors
  17 dancing weapons
  16 anacondas
  8 deep troll earth magi
  12 deep troll shamans
  3 tengu warriors
  4 alligators
  3 satyrs
  A shock serpent (shapeshifter) (Vaults:2)
  6 spriggan berserkers
  11 death yaks
  A hell hog (Abyss:3)
  A death yak (shapeshifter) (Vaults:5)
  10 orc high priests
  8 vampire magi
  4 shock serpents
  A spectral storm dragon (Zig:7)
  15 naga sharpshooters
  8 spriggans
  13 deep elf knights
  5 soul eaters
  10 wretched stars
  14 hell knights
  11 thrashing horrors (Abyss:3)
  A fire crab (shapeshifter) (Depths:5)
  A fire crab (Lair:4)
  5 salamander mystics
  2 golden dragon zombies
  Nergalle (Lair:2)
  8 iron trolls
  27 skeletal warriors
  6 sun demons
  6 shadow wraiths
  A spatial maelstrom (Abyss:3)
  A sixfirhy (Abyss:3)
  5 glowing orange brains
  7 flayed ghosts
  6 sea snakes
  2 cherubim (Abyss:3)
  5 swamp dragons
  7 unseen horrors
  2 death drakes
  3 spriggan druids
  35 deep trolls
  15 deep elf archers
  5 wizards
  20 harpies
  12 phantasmal warriors
  A lindwurm (Zig:18)
  11 naga ritualists
  An anaconda skeleton (Crypt:3)
  14 ironbrand convokers
  2 lindwurms (shapeshifter)
  A golden dragon skeleton (Crypt:2)
  A spectral spriggan (Zig:7)
  57 deep elf magi
  31 orc knights
  11 mana vipers
  8 necromancers
  6 oklob plants
  5 wolf spiders
  17 orc sorcerers
  14 manticores
  3 shining eyes
  31 ugly things
  A wolf spider zombie (D:15)
  6 cyclopes
  13 salamanders
  13 fauns
  An iron dragon skeleton (Crypt:3)
  32 moths of wrath
  Maurice (D:8)
  An elephant (shapeshifter) (Vaults:2)
  9 guardian serpents
  A worldbinder (Abyss:3)
  A fire giant skeleton (Abyss:3)
  4 rust devils
  3 water nymphs
  3 black mambas (shapeshifter)
  19 vault sentinels
  6 merfolk sirens
  An elephant (Zig:18)
  33 black mambas
  4 molten gargoyles (Desolation)
  4 eyes of devastation
  8 smoke demons
  4 ice statues
  13 naga magi
  2 apocalypse crabs
  3 torpor snails
  A gargoyle (D:14)
  3 orange demons (Abyss:3)
  A hellion (Abyss:3)
  24 spiny frogs
  3 centaur skeletons
  3 rime drakes
  A human zombie (Vaults:1)
  A yaktaur (shapeshifter) (Depths:3)
  66 yaktaurs
  10 komodo dragons
  A spriggan zombie (Zig:6)
  A swamp worm zombie (Crypt:1)
  4 efreet
  4 human skeletons (Vaults:1)
  2 hellwings
  11 ice devils
  5 freezing wraiths
  2 golden dragon simulacra (IceCv)
  15 merfolk
  8 guardian mummies
  4 ancient zymes
  A troll (shapeshifter) (Vaults:1)
  12 trolls
  2 red devils (D:15)
  A spriggan skeleton (Zig:3)
  4 tengu conjurers
  A silent spectre (Abyss:3)
  A meliai (shapeshifter) (Depths:1)
  A meliai (Lair:6)
  A harpy zombie (Crypt:3)
  A wind drake (shapeshifter) (Depths:4)
  9 wind drakes
  13 hornets
  14 blink frogs
  64 slime creatures
  2 tyrant leeches (Zig:11)
  A death drake skeleton (Crypt:3)
  A polar bear (shapeshifter) (D:13)
  5 dream sheep
  53 saltlings (Desolation)
  A hornet (shapeshifter) (Vaults:1)
  11 polar bears
  An ice dragon zombie (Crypt:3)
  6 bog bodies
  An ettin zombie (Crypt:1)
  8 snapping turtles
  A dream sheep (shapeshifter) (Vaults:2)
  3 hippogriffs (shapeshifter)
  A jumping spider zombie (Crypt:1)
  8 hippogriffs
  18 large abominations
  A fire giant simulacrum (Crypt:3)
  29 raiju
  19 starcursed masses (Abyss:3)
  15 flying skulls
  A human simulacrum (Vaults:1)
  4 air elementals
  2 shadows
  Sigmund (D:5)
  2 fire dragon skeletons (Crypt:2)
  2 redbacks (shapeshifter)
  19 wraiths
  4 vampires (Crypt:3)
  2 redbacks (Vaults:4)
  7 wyverns
  A dire elephant simulacrum (IceCv)
  2 fire bats (Abyss:4)
  23 water elementals
  A ynoxinul (Abyss:3)
  2 yaks (shapeshifter)
  An ushabti (Zig:3)
  3 basilisks
  A golden eye (shapeshifter) (Depths:3)
  14 golden eyes
  41 yaks
  A hungry ghost (D:10)
  6 steam dragons
  6 neqoxecs
  8 fire elementals
  14 humans
  A human (shapeshifter) (Vaults:3)
  10 chaos spawn
  A steam dragon (shapeshifter) (Vaults:5)
  A glowing shapeshifter zombie (Crypt:3)
  Menkaure (D:7)
  7 insubstantial wisps
  25 wargs
  A warg (shapeshifter) (Depths:2)
  A soldier ant (D:12)
  2 harpy simulacra (IceCv)
  5 swamp worms (Lair:2)
  35 nagas
  2 iron troll simulacra (IceCv)
  A faun zombie (Crypt:2)
  7 acid dragons
  17 hell hounds
  16 water moccasins
  Duvessa (D:7)
  2 hydra simulacra (IceCv)
  2 floating eyes (Depths:5)
  A hornet zombie (D:11)
  6 porcupines
  3 sky beasts
  2 swamp drakes
  2 ettin simulacra
  A torturous demonspawn skeleton (Crypt:1)
  A sky beast (shapeshifter) (Vaults:1)
  81 orc warriors
  An eye of draining (shapeshifter) (Vaults:2)
  The ghost of nihilbene the Slasher, an amateur MiBe of Trog (D:3)
  A snapping turtle zombie (Crypt:1)
  8 black bears (Lair:6)
  8 ice beasts
  3 phantoms (D:10)
  9 eyes of draining
  3 necrophages
  41 ogres
  12 boggarts
  18 centaurs
  18 wolves
  A blink frog skeleton (Crypt:1)
  18 crocodiles
  A big kobold (D:12)
  17 bullfrogs
  19 small abominations
  A glowing shapeshifter simulacrum (Vaults:1)
  3 earth elementals
  2 ogre simulacra
  6 scorpions
  A hornet simulacrum (Vaults:1)
  Dowan (D:7)
  12 killer bees
  3 vampire bats (Abyss:4)
  3 wights (D:11)
  8 howler monkeys
  3 electric eels
  A troll skeleton (Crypt:3)
  12 crimson imps
  4 centaur zombies
  2 bullfrog zombies (D:11)
  4 quasits
  20 orc priests
  A basilisk skeleton (Crypt:1)
  9 hounds
  2 iron imps (Abyss:3)
  4 jellies
  A jelly (shapeshifter) (D:13)
  Jessica (D:2)
  4 iguanas
  Natasha (D:2)
  18 orc wizards
  A lightning spire (Zig:11)
  7 worker ants
  A dwarf zombie (Crypt:2)
  A big kobold skeleton (Crypt:3)
  A tengu skeleton (Crypt:1)
  5 mummies
  A gnoll (Zig:17)
  A howler monkey skeleton (D:7)
  An adder (shapeshifter) (Abyss:3)
  18 adders
  4 shadow imps
  6 white imps
  An ooze (D:7)
  An iguana zombie (Crypt:3)
  2 adder skeletons (D:9)
  16 worms
  A barachi zombie (Crypt:3)
  A dart slug (D:3)
  3 leopard geckos
  101 orcs
  A bat (D:2)
  7 giant cockroaches
  6 goblins
  6 hobgoblins
  7 jackals
  4 quokkas
  A river rat zombie (Crypt:2)
  A ball python (D:5)
  2 ball python skeletons
  2 dart slug zombies (Crypt:1)
  A frilled lizard (D:3)
  A frilled lizard zombie (Crypt:3)
  A giant cockroach zombie (D:6)
  A gnoll skeleton (Crypt:3)
  A gnoll zombie (Crypt:1)
  A hobgoblin zombie (Crypt:2)
  A jackal skeleton (D:9)
  A jackal zombie (D:8)
  7 kobolds
  A leopard gecko skeleton (D:6)
  A leopard gecko zombie (Crypt:2)
  An orc zombie (Crypt:2)
  A quokka skeleton (D:8)
  A quokka zombie (Crypt:2)
  2 rats
  A bush (D:14)
  3 butterflies (Abyss:4)
  4 crawling corpses
  2 fungi (Lair:5)
  A lurking horror (Abyss:3)
  12 plants
  2 starspawn tentacles (Abyss:4)
2980 creatures vanquished.

Vanquished Creatures (collateral kills)
  Mara (Snake:3)
  A juggernaut (Depths:5)
  3 greater mummies
  Bai Suzhen (Vaults:2)
  A caustic shrike (Zig:18)
  A golden dragon (Depths:4)
  5 Orb Guardians (Zot:5)
  Rupert (D:13)
  2 Ice Fiends
  3 acid blobs (Zig:16)
  A death cob (Zot:4)
  A shadow dragon (Zot:4)
  2 storm dragons
  An azure jelly (Zig:16)
  A nagaraja (Snake:4)
  Aizul (Snake:3)
  2 fire giants (Depths:4)
  2 frost giants (Depths:4)
  The ghost of anything the Basher, a journeyman GnHu of Nemelex Xobeh (Snake:1)
  2 deep elf sorcerers (Elf:3)
  A spriggan defender (Depths:4)
  An orc warlord (Zig:17)
  A very ugly thing (Depths:4)
  A deep elf demonologist (Elf:3)
  A deep elf annihilator (Elf:2)
  3 red draconians
  A dire elephant (Zig:18)
  2 merfolk javelineers (Shoals:4)
  2 mummy priests (Zig:6)
  A deep elf death mage (Elf:3)
  An ettin (Orc:2)
  A deep elf high priest (Depths:4)
  A jiangshi (Zig:19)
  A merfolk impaler (Shoals:4)
  A great orb of eyes (Depths:4)
  3 fire dragons
  4 naga warriors
  2 ice dragons (Depths:4)
  A vault guard (Vaults:5)
  5 hydras
  8 anacondas
  2 satyrs (Shoals:4)
  A merfolk avatar (Shoals:1)
  An alligator snapping turtle (Shoals:4)
  A merfolk aquamancer (Shoals:4)
  A tengu warrior (Depths:4)
  A two-headed ogre (Vaults:1)
  A death scarab (Zig:6)
  2 ogre magi
  4 deep troll earth magi (Depths:1)
  2 death yaks (Lair:6)
  Urug (D:13)
  A fire crab (Zig:8)
  9 naga sharpshooters
  An iron troll (Depths:5)
  5 sea snakes
  An obsidian statue (Zig:6)
  6 deep trolls
  2 orc knights (Orc:2)
  A naga ritualist (Snake:4)
  4 harpies
  A swamp dragon (Lair:6)
  5 mana vipers
  4 ugly things
  2 shining eyes
  7 salamanders
  A moth of wrath (Zot:1)
  A faun (Shoals:4)
  A manticore (Shoals:4)
  A merfolk siren (Shoals:1)
  2 guardian serpents (Snake:4)
  6 black mambas
  An eye of devastation (Zig:16)
  10 naga magi
  6 spiny frogs
  An efreet (Zig:8)
  3 komodo dragons
  2 rime drakes (Lair:6)
  3 yaktaurs
  4 guardian mummies (Zig:6)
  4 polar bears
  A tengu conjurer (Depths:4)
  3 wind drakes
  2 meliai (Lair:6)
  3 merfolk (Shoals:4)
  A queen bee (Lair:6)
  10 slime creatures
  7 blink frogs
  A bog body (Zig:11)
  3 snapping turtles (Shoals:4)
  A dream sheep (shapeshifter) (Depths:1)
  5 dream sheep (Lair:6)
  4 water elementals
  A spriggan (shapeshifter) (Depths:1)
  A hippogriff (Lair:4)
  A basilisk (Lair:2)
  2 wyverns
  7 yaks
  2 humans (D:13)
  A fire elemental (D:13)
  3 wargs
  A swamp worm (shapeshifter) (Depths:4)
  12 nagas
  2 water moccasins
  6 hell hounds (Lair:6)
  A swamp drake (Lair:6)
  7 orc warriors
  3 black bears (Lair:6)
  2 eyes of draining
  3 ogres
  8 wolves (Lair:6)
  3 crocodiles (Lair:6)
  3 centaurs
  2 bullfrogs (Lair:1)
  12 killer bees (Lair:6)
  A hound (D:10)
  2 iguanas (Lair:6)
  Natasha (twice) (D:2)
  2 worker ants
  4 mummies (Zig:6)
  An adder (D:2)
  A shadow imp (D:11)
  A white imp (Lair:5)
  A dart slug (D:3)
  9 orcs
  A giant cockroach (D:2)
  A quokka (D:4)
  A bat (D:3)
  A kobold (D:1)
  A rat (D:2)
  A fungus (Lair:4)
  8 plants
349 creatures vanquished.

Vanquished Creatures (others)
  An eldritch tentacle (Snake:3)
  A tengu reaver (Depths:4)
  A very ugly thing (Depths:4)
  A deep elf annihilator (Elf:2)
  An anaconda (Snake:3)
  A wizard (D:15)
  2 deep elf magi
  A faun (shapeshifter) (Depths:2)
  A moth of wrath (Zot:5)
  A merfolk siren (Shoals:4)
  A blink frog (Zig:18)
  A saltling (Desolation)
  A merfolk (Shoals:4)
  A water elemental (Shoals:3)
  A yak (Lair:6)
  A neqoxec (Abyss:3)
  A naga (Snake:4)
  A water moccasin (Zig:18)
  A swamp drake (Zig:12)
  2 orc warriors (Vaults:5)
  2 orcs (Orc:1)
  2 bushes (Shoals:4)
  6 fungi (Lair:6)
  A lurking horror (Abyss:3)
  36 plants
  6 starspawn tentacles
75 creatures vanquished.

Grand Total: 3404 creatures vanquished

Notes
Turn   | Place    | Note
-------+----------+-------------------------------------------
     0 | D:1      | MackTheKnife the Deep Dwarf Necromancer began the quest for the Orb.
     0 | D:1      | Reached XP level 1. HP: 15/15 MP: 3/3
     2 | D:1      | Learned a level 1 spell: Animate Skeleton
   210 | D:1      | Reached skill level 1 in Fighting
   358 | D:1      | Reached XP level 2. HP: 25/25 MP: 1/4
   455 | D:2      | Noticed Jessica
   458 | D:2      | Killed Jessica
   458 | D:2      | Reached skill level 2 in Fighting
   458 | D:2      | Reached XP level 3. HP: 33/33 MP: 1/5
   592 | D:2      | Noticed Natasha
   622 | D:2      | Killed Natasha
   622 | D:2      | Reached skill level 3 in Fighting
   828 | D:2      | Reached XP level 4. HP: 40/42 MP: 1/6
   957 | D:2      | Found an opulent altar of Gozag.
   958 | D:2      | Found a glowing silver altar of Zin.
  1201 | D:2      | Noticed Natasha
  1212 | D:2      | Killed Natasha
  1212 | D:2      | Reached skill level 4 in Fighting
  1324 | D:2      | Learned a level 3 spell: Vampiric Draining
  1340 | D:2      | Found a radiant altar of Vehumet.
  1396 | D:2      | Noticed Natasha
  1402 | D:2      | Killed Natasha
  1402 | D:2      | Reached XP level 5. HP: 32/51 MP: 0/7
  1571 | D:3      | Noticed nihilbene's ghost (amateur MiBe)
  1900 | D:3      | Reached skill level 1 in Axes
  1935 | D:3      | Reached skill level 5 in Fighting
  1968 | D:3      | Found a glowing golden altar of the Shining One.
  2086 | D:2      | Reached XP level 6. HP: 46/61 MP: 0/8
  2237 | D:4      | Reached skill level 2 in Axes
  3091 | D:4      | Found a shadowy altar of Dithmenos.
  3093 | D:4      | Found a deep blue altar of Sif Muna.
  3093 | D:4      | Found a hide-covered altar of Uskayaw.
  3376 | D:5      | Entered Level 5 of the Dungeon
  3431 | D:5      | Noticed Sigmund
  3498 | D:4      | Reached skill level 3 in Axes
  3549 | D:5      | Reached skill level 5 in Necromancy
  3691 | D:5      | Noticed a slave
  3692 | D:5      | Noticed Pikel
  3784 | D:5      | Reached XP level 7. HP: 55/67 MP: 6/9
  3815 | D:5      | Found a staircase to the Ecumenical Temple.
  3822 | Temple   | Entered the Ecumenical Temple
  3836 | Temple   | Became a worshipper of Makhleb the Destroyer
  3895 | D:5      | Killed Sigmund
  3975 | D:5      | Found a burning altar of Makhleb.
  4060 | D:5      | Got a twisted war axe
  4061 | D:5      | Identified the +9 war axe of the Kidney {chop, rC++} (You found it on level 5 of the Dungeon)
  4089 | D:5      | Found a blossoming altar of Fedhas.
  4237 | D:5      | Reached skill level 4 in Axes
  4414 | D:6      | Reached skill level 5 in Axes
  4645 | D:6      | Reached skill level 6 in Axes
  4645 | D:6      | Reached XP level 8. HP: 64/76 MP: 9/9
  4749 | D:6      | Found a basalt altar of Yredelemnul.
  4816 | D:6      | Found a white marble altar of Elyvilon.
  5071 | D:6      | Found a stormy altar of Qazlal.
  5099 | D:7      | Reached skill level 7 in Axes
  5128 | D:7      | Reached * piety under Makhleb
  5146 | D:7      | Found an ancient bone altar of Kikubaaqudgha.
  5171 | D:7      | Noticed Menkaure
  5396 | D:7      | Reached skill level 8 in Axes
  5727 | D:7      | Reached skill level 9 in Axes
  5785 | D:7      | Killed Menkaure
  5811 | D:7      | Gained mutation: You passively map the area around you. [Deep Dwarf growth]
  5811 | D:7      | Reached XP level 9. HP: 65/82 MP: 3/10
  5949 | D:8      | Noticed Maurice
  5968 | D:8      | Killed Maurice
  5968 | D:8      | Reached skill level 10 in Axes
  6119 | D:8      | Reached skill level 11 in Axes
  6209 | D:8      | Noticed a komodo dragon
  6327 | D:8      | Found a shattered altar of Ashenzari.
  6495 | D:9      | Found a staircase to the Orcish Mines.
  6668 | D:9      | Reached skill level 12 in Axes
  6723 | D:9      | Noticed a polar bear
  6736 | D:9      | Killed a polar bear
  6765 | D:9      | Reached ** piety under Makhleb
  6843 | D:9      | Noticed Joseph
  6908 | D:9      | Found a shimmering altar of Xom.
  6908 | D:9      | Found a bloodstained altar of Trog.
  7384 | D:9      | Reached skill level 13 in Axes
  7384 | D:9      | Reached XP level 10. HP: 77/91 MP: 8/11
  7559 | D:10     | Entered Level 10 of the Dungeon
  7760 | D:10     | Found Agrixt's General Store.
  7788 | D:10     | Found a basalt altar of Yredelemnul.
  7788 | D:10     | Noticed a rust devil
  7788 | D:10     | Noticed a rust devil
  8107 | D:10     | Learned a level 4 spell: Animate Dead
  8314 | D:10     | Reached skill level 1 in Shields
  8494 | D:11     | Reached skill level 2 in Shields
  8534 | D:11     | Reached skill level 3 in Shields
  8544 | D:11     | Noticed a two-headed ogre
  8559 | D:11     | Killed a two-headed ogre
  8559 | D:11     | Reached *** piety under Makhleb
  8559 | D:11     | Reached skill level 5 in Shields
  8589 | D:11     | Found a staircase to the Lair.
  8605 | D:11     | Reached skill level 6 in Shields
  8737 | D:11     | Noticed a red ugly thing
  8746 | D:11     | Killed a red ugly thing
  8746 | D:11     | Reached skill level 6 in Fighting
  8758 | D:11     | Identified a scroll of acquirement
  8834 | D:11     | Reached skill level 7 in Fighting
  8834 | D:11     | Reached XP level 11. HP: 82/100 MP: 12/12
  8892 | D:11     | Noticed a cyan ugly thing
  8925 | D:11     | Killed a cyan ugly thing
  9092 | Lair:1   | Entered Level 1 of the Lair of Beasts
  9108 | Lair:1   | Reached skill level 8 in Fighting
  9110 | Lair:1   | Reached **** piety under Makhleb
  9297 | Lair:1   | Noticed an eight-headed hydra
  9326 | Lair:1   | Killed an eight-headed hydra
  9326 | Lair:1   | Reached skill level 9 in Fighting
  9440 | Lair:1   | Got a scorched scale mail
  9621 | Lair:1   | Reached skill level 1 in Invocations
  9621 | Lair:1   | Reached skill level 1 in Evocations
  9625 | Lair:1   | Identified the +4 scale mail "Ykhlenlu" {rElec Int+3} (You found it on level 1 of the Lair of Beasts)
  9689 | Lair:1   | Reached skill level 2 in Invocations
  9689 | Lair:1   | Reached skill level 2 in Evocations
  9699 | Lair:1   | Noticed a four-headed hydra
  9709 | Lair:1   | Killed a four-headed hydra
  9709 | Lair:1   | Reached skill level 3 in Invocations
  9709 | Lair:1   | Reached skill level 3 in Evocations
  9824 | Lair:2   | Reached skill level 4 in Invocations
  9824 | Lair:2   | Reached skill level 4 in Evocations
  9872 | Lair:2   | Noticed Harold
  9890 | Lair:2   | Killed Harold
  9890 | Lair:2   | Reached skill level 5 in Invocations
  9890 | Lair:2   | Reached skill level 5 in Evocations
 10050 | Lair:2   | Noticed Nergalle
 10061 | Lair:2   | Killed Nergalle
 10081 | Lair:2   | Reached skill level 6 in Invocations
 10081 | Lair:2   | Reached skill level 6 in Evocations
 10230 | Lair:2   | Noticed a five-headed hydra
 10244 | Lair:2   | Killed a five-headed hydra
 10309 | Lair:2   | Reached skill level 7 in Evocations
 10340 | Lair:2   | Reached skill level 7 in Invocations
 10340 | Lair:2   | Reached XP level 12. HP: 96/114 MP: 16/16
 10447 | Lair:2   | Noticed Erica
 10458 | Lair:2   | Killed Erica
 10577 | Lair:2   | Found a staircase to the Shoals.
 10712 | Lair:2   | Noticed a seven-headed hydra
 10714 | Lair:2   | Noticed a five-headed hydra
 10722 | Lair:2   | Reached skill level 8 in Evocations
 10783 | Lair:2   | Killed a five-headed hydra
 10783 | Lair:2   | Reached skill level 8 in Invocations
 10791 | Lair:2   | Killed a seven-headed hydra
 10791 | Lair:2   | Reached skill level 6 in Necromancy
 11145 | Lair:2   | Reached skill level 7 in Necromancy
 11321 | Lair:3   | Reached skill level 8 in Necromancy
 11438 | Lair:3   | Found a staircase to the Snake Pit.
 11447 | Lair:3   | Reached skill level 9 in Necromancy
 12031 | Lair:4   | Reached skill level 14 in Axes
 12565 | Lair:4   | Reached ***** piety under Makhleb
 12565 | Lair:4   | Reached skill level 15 in Axes
 12896 | Lair:5   | Reached XP level 13. HP: 121/121 MP: 18/18
 13480 | Lair:5   | Reached skill level 16 in Axes
 13775 | Lair:5   | Reached skill level 1 in Armour
 13792 | Lair:6   | Entered Level 6 of the Lair of Beasts
 13818 | Lair:5   | Reached skill level 2 in Armour
 13854 | Lair:6   | Reached skill level 3 in Armour
 13905 | Lair:6   | Reached skill level 4 in Armour
 13964 | Lair:6   | Found a deep blue altar of Sif Muna.
 14015 | Lair:6   | Reached skill level 5 in Armour
 14026 | Lair:6   | Reached skill level 6 in Armour
 14027 | Lair:6   | Reached skill level 7 in Armour
 14036 | Lair:6   | Reached skill level 8 in Armour
 14043 | Lair:6   | Reached skill level 9 in Armour
 14134 | Lair:6   | Reached skill level 10 in Armour
 14261 | Lair:6   | Gained mutation: You resist negative energy. (rN+) [Deep Dwarf growth]
 14261 | Lair:6   | Reached XP level 14. HP: 116/129 MP: 18/18
 14341 | Lair:6   | Reached ****** piety under Makhleb
 14437 | Lair:6   | Reached skill level 11 in Armour
 14514 | Lair:6   | Reached skill level 3 in Dodging
 14665 | Lair:6   | Reached skill level 4 in Dodging
 14734 | Lair:6   | Reached skill level 5 in Dodging
 14771 | Lair:6   | Reached skill level 6 in Dodging
 14933 | Lair:6   | Reached skill level 7 in Dodging
 15256 | Lair:6   | Found a viscous altar of Jiyva.
 15256 | Lair:6   | Found a staircase to the Slime Pits.
 15501 | Orc:1    | Entered Level 1 of the Orcish Mines
 15502 | Orc:1    | Noticed Josephine
 15522 | Orc:1    | Killed Josephine
 15522 | Orc:1    | Reached skill level 8 in Dodging
 15576 | Orc:2    | Entered Level 2 of the Orcish Mines
 15819 | Orc:2    | Found a staircase to the Elven Halls.
 15859 | Orc:2    | Reached skill level 9 in Dodging
 16033 | Orc:2    | Found Kurar's Antique Armour Boutique.
 16033 | Orc:2    | Found Fiogg's Antique Armour Shoppe.
 16070 | Orc:2    | Found a roughly hewn altar of Beogh.
 16083 | Orc:2    | Reached skill level 10 in Dodging
 16148 | Orc:2    | Found Afoekhly's Jewellery Shoppe.
 16195 | Orc:2    | Found Cerpheej's Weapon Boutique.
 16262 | Orc:2    | Bought a faintly glowing ring mail for 252 gold pieces
 16262 | Orc:2    | Bought a pair of brightly glowing gloves for 266 gold pieces
 16271 | Orc:2    | Bought a warped cloak for 361 gold pieces
 16271 | Orc:2    | Bought a twisted scale mail for 342 gold pieces
 16281 | Orc:2    | Identified the +1 cloak of Oweanoz {rElec} (You bought it in a shop on level 2 of the Orcish Mines)
 16292 | Orc:2    | Identified the +3 pair of gloves "Zimawkil" {MR+ Int+3} (You bought it in a shop on level 2 of the Orcish Mines)
 16303 | Orc:2    | Identified the cursed +1 ring mail of the Game of Kings {rC++ Regen+ Int+3 Stlth+} (You bought it in a shop on level 2 of the Orcish Mines)
 16332 | Orc:2    | Bought a pair of runed boots for 210 gold pieces
 16353 | Orc:2    | Identified the +3 scale mail of Hairiness {rF+ rC+} (You bought it in a shop on level 2 of the Orcish Mines)
 16530 | Orc:2    | Found a roughly hewn altar of Beogh.
 16595 | Orc:2    | Found Yreroiqo's Jewellery Shoppe.
 16890 | Elf:1    | Entered Level 1 of the Elven Halls
 17665 | D:12     | Noticed braks's ghost (journeyman DEIE)
 17684 | D:12     | Killed braks's ghost
 17684 | D:12     | Reached skill level 10 in Fighting
 18299 | D:13     | Found a gate to the Vaults.
 18299 | D:13     | Noticed Urug
 18299 | D:13     | Noticed Nessos
 18299 | D:13     | Noticed Rupert
 18485 | Snake:1  | Entered Level 1 of the Snake Pit
 18558 | Snake:1  | Reached XP level 15. HP: 140/140 MP: 19/19
 18675 | Snake:1  | Found a shattered altar of Ashenzari.
 18694 | Snake:1  | Got a faintly glowing dagger {freeze}
 18715 | Snake:1  | Noticed anything's ghost (journeyman GnHu)
 18750 | Snake:1  | Killed anything's ghost
 18796 | Snake:1  | Found Hazaunad's Gadget Boutique.
 18800 | Snake:1  | Found Zinkaf's Assorted Antiques.
 18801 | Snake:1  | Found Rosamn's General Store.
 18813 | Snake:1  | Bought a scroll of recharging for 180 gold pieces
 19152 | Snake:2  | Reached skill level 11 in Fighting
 19257 | Snake:2  | Reached skill level 12 in Fighting
 19258 | Snake:2  | Noticed a nagaraja
 19275 | Snake:2  | Killed a nagaraja
 19379 | Snake:2  | Reached skill level 9 in Evocations
 19386 | Snake:2  | Got a heavily runed plate armour
 19393 | Snake:2  | Identified the +2 plate armour "Nuovobur" {+Inv rN+} (You found it on level 2 of the Snake Pit)
 19431 | Snake:2  | Reached skill level 9 in Invocations
 19524 | Snake:2  | Reached skill level 10 in Invocations
 19524 | Snake:2  | Reached skill level 10 in Evocations
 19706 | Snake:2  | Reached skill level 11 in Evocations
 19880 | Snake:3  | Reached skill level 11 in Invocations
 19908 | Snake:3  | Found Wiog's Magic Scroll Boutique.
 19909 | Snake:3  | Found Wuhu Ruk's Magic Scroll Shop.
 19973 | Snake:3  | Found Basches's Antique Armour Emporium.
 20039 | Snake:3  | Noticed Aizul
 20061 | Snake:3  | Killed Aizul
 20068 | Snake:3  | Reached XP level 16. HP: 110/152 MP: 22/22
 20139 | Snake:3  | Reached skill level 12 in Evocations
 20143 | Snake:3  | Reached skill level 12 in Invocations
 20184 | Snake:3  | Noticed Jorgrun
 20195 | Snake:3  | Killed Jorgrun
 20235 | Snake:3  | Noticed Mara
 20277 | Snake:3  | Noticed MackTheKnife's illusion
 20363 | Snake:3  | Killed Mara
 20489 | Snake:3  | Found Ganon's Gadget Boutique.
 20517 | Snake:4  | Entered Level 4 of the Snake Pit
 20575 | Snake:4  | Reached skill level 13 in Evocations
 20584 | Snake:4  | Reached skill level 13 in Invocations
 20606 | Snake:4  | Noticed Asterion
 20612 | Snake:4  | Noticed an Executioner
 20626 | Snake:4  | HP: 30/152 [naga sharpshooter/bolt (9)]
 20627 | Snake:4  | Killed Asterion
 20679 | Snake:4  | Found a frozen archway.
 20719 | IceCv    | Entered an ice cave
 20915 | IceCv    | Reached skill level 14 in Evocations
 20946 | IceCv    | Reached skill level 14 in Invocations
 21058 | IceCv    | Noticed an Ice Fiend
 21076 | IceCv    | Killed an Ice Fiend
 21201 | IceCv    | Got a heavily jewelled robe
 21434 | Snake:4  | Found Faojy's Assorted Antiques.
 21538 | Snake:4  | Found Xisig's Antique Armour Emporium.
 21538 | Snake:4  | Found Jaezeuh's Weapon Shoppe.
 21541 | Snake:4  | Found Mekh's Jewellery Shoppe.
 21942 | Snake:4  | Found an opulent altar of Gozag.
 21978 | Snake:4  | Reached skill level 15 in Invocations
 22531 | Snake:4  | Reached XP level 17. HP: 100/159 MP: 22/22
 22547 | Snake:4  | HP: 35/159 [nagaraja/bolt of poison (50)]
 23196 | Snake:4  | Reached skill level 13 in Fighting
 23433 | Snake:4  | Got a serpentine rune of Zot
 23909 | Orc:2    | Bought the amulet of Gawaelo {Faith rN++ MP+9 SInv} for 1128 gold pieces
 24134 | D:13     | Killed Nessos
 24143 | D:13     | Killed Urug
 24169 | D:13     | Killed Rupert
 24169 | D:13     | Reached skill level 14 in Fighting
 24307 | D:13     | Noticed Azrael
 24321 | D:13     | Killed Azrael
 25473 | D:14     | Gained mutation: You are dopey. (Int -2) [potion of mutation]
 25473 | D:14     | Gained mutation: You have an increased reservoir of magic. (+10% MP) [potion of mutation]
 25474 | D:14     | Lost mutation: You have an increased reservoir of magic. (+10% MP) [potion of mutation]
 25474 | D:14     | Lost mutation: You are dopey. (Int -2) [potion of mutation]
 25474 | D:14     | Gained mutation: You are agile. (Dex +2) [potion of mutation]
 25474 | D:14     | Gained mutation: You evolve. [potion of mutation]
 25474 | D:14     | Gained mutation: You have supernaturally acute eyesight. (SInv) [potion of mutation]
 25828 | D:15     | Entered Level 15 of the Dungeon
 26024 | D:15     | Reached skill level 15 in Fighting
 26046 | D:15     | Found a staircase to the Depths.
 26638 | D:10     | Bought a scroll of brand weapon for 260 gold pieces
 26984 | Shoals:1 | Entered Level 1 of the Shoals
 27392 | Shoals:1 | Gained mutation: You passively map a large area around you. [Deep Dwarf growth]
 27392 | Shoals:1 | Reached XP level 18. HP: 178/178 MP: 20/20
 27656 | Shoals:2 | Noticed Polyphemus
 27681 | Shoals:2 | Killed Polyphemus
 27686 | Shoals:2 | Reached skill level 17 in Axes
 27795 | Shoals:2 | Got a smelly plate armour
 27798 | Shoals:2 | Identified the +8 plate armour "Ken Yzot" {rPois Str+5} (You found it on level 2 of the Shoals)
 27816 | Shoals:2 | Gained mutation: You are resistant to electric shocks. (rElec) [evolution]
 27911 | Shoals:2 | Found a sparkling altar of Nemelex Xobeh.
 28380 | Shoals:3 | Noticed Yermak's ghost (adept SpHu)
 28423 | Shoals:3 | Killed Yermak's ghost
 28489 | Shoals:4 | Entered Level 4 of the Shoals
 28529 | Shoals:4 | Noticed Ilsuiw
 28567 | Shoals:3 | Killed Ilsuiw
 28596 | Shoals:4 | Reached skill level 18 in Axes
 28608 | Shoals:4 | Reached skill level 7 in Shields
 28670 | Shoals:4 | Reached skill level 8 in Shields
 28786 | Shoals:4 | Gained mutation: You expend magic power (3 MP) to strengthen your wands. [a Zot trap]
 28786 | Shoals:4 | Gained mutation: You are weak. (Str -2) [a Zot trap]
 28851 | Shoals:4 | Reached skill level 9 in Shields
 29097 | Shoals:4 | Reached skill level 10 in Shields
 29137 | Shoals:4 | Found Dead Kuh's Distillery.
 29145 | Shoals:4 | Bought 2 potions of heal wounds for 150 gold pieces
 29220 | Shoals:4 | Got a barnacled rune of Zot
 29648 | Snake:3  | Bought a scroll of teleportation for 57 gold pieces
 29648 | Snake:3  | Bought a scroll of enchant weapon for 142 gold pieces
 29947 | Vaults:1 | Entered Level 1 of the Vaults
 29984 | Vaults:1 | Reached skill level 11 in Shields
 30386 | Vaults:1 | Reached skill level 12 in Shields
 30386 | Vaults:1 | Reached XP level 19. HP: 182/186 MP: 21/21
 30582 | Vaults:1 | Reached skill level 13 in Shields
 30846 | Vaults:1 | Gained mutation: You are partially covered in yellow scales. (AC +2) [evolution]
 31003 | Vaults:1 | Reached skill level 14 in Shields
 31503 | Vaults:2 | Reached skill level 15 in Shields
 31775 | Vaults:2 | Noticed Bai Suzhen
 31799 | Vaults:2 | Killed Bai Suzhen
 31806 | Vaults:2 | Found Geah's Antique Armour Boutique.
 31832 | Vaults:2 | Found Diri's Antique Armour Emporium.
 31870 | Vaults:2 | Reached skill level 16 in Shields
 31966 | Vaults:2 | Found Biolel's Distillery.
 32291 | Vaults:2 | Found Eqie's Antique Armour Shoppe.
 32342 | Vaults:2 | Reached skill level 16 in Fighting
 32476 | Vaults:2 | Found Othryrche's Food Boutique.
 32706 | Vaults:3 | Found Kitimeg's Food Boutique.
 32750 | Vaults:3 | Found a staircase to the Crypt.
 32780 | Vaults:3 | Reached XP level 20. HP: 160/198 MP: 22/22
 33082 | Vaults:2 | Bought a translucent shield for 351 gold pieces
 33082 | Vaults:2 | Identified the +3 shield of the Moneychanger {*Contam rElec rF+ Slay+5} (You bought it in a shop on level 2 of the Vaults)
 33302 | Vaults:3 | Reached skill level 17 in Fighting
 33334 | Vaults:3 | Lost mutation: You are agile. (Dex +2) [evolution]
 33674 | Vaults:3 | You fall through a shaft!
 33883 | Vaults:3 | Learned a level 1 spell: Apportation
 34211 | Vaults:4 | Got a flickering platinum amulet
 34212 | Vaults:4 | Identified the amulet "Wenneqim" {RegenMP rN+ MR+ Int+4} (You found it on level 4 of the Vaults)
 34513 | Vaults:4 | Reached skill level 18 in Fighting
 35043 | Vaults:4 | Got a twisted hand axe
 36555 | Elf:2    | Reached skill level 19 in Fighting
 36614 | Elf:2    | Found a ruined gateway.
 36616 | Elf:2    | Found a glowing silver altar of Zin.
 36616 | Elf:2    | Found a white marble altar of Elyvilon.
 36616 | Elf:2    | Found a glowing golden altar of the Shining One.
 36668 | Desolati | Entered the Desolation of Salt
 36721 | Desolati | Reached XP level 21. HP: 216/216 MP: 23/23
 36746 | Desolati | Got a flickering golden amulet
 36749 | Desolati | Got a steaming silver amulet
 36750 | Desolati | Identified the amulet of Tecue {Spirit rN++ Str-4} (You found it in the Desolation of Salt)
 36751 | Desolati | Identified the amulet "Couje" {Faith rPois} (You found it in the Desolation of Salt)
 36755 | Desolati | Identified Fauru's Tome of Ghastly Good Luck
 36765 | Desolati | Learned a level 6 spell: Death Channel
 36951 | Desolati | Identified the Disquisition on Glacial Intoxication
 36973 | Desolati | Identified the Compendium of Battle Magic
 36985 | Desolati | Got a warped granite ring
 36987 | Desolati | Got a coiled lead ring
 36988 | Desolati | Identified the ring "Umex" {Wiz rF+ Str+8 Int+3 Dex-2} (You found it in the Desolation of Salt)
 36989 | Desolati | Identified the ring "Onnutt" {rC+ rN+ Int-4 SInv} (You found it in the Desolation of Salt)
 37185 | Desolati | Reached skill level 10 in Necromancy
 37357 | Elf:2    | Gained mutation: You have an increased reservoir of magic. (+10% MP) [evolution]
 37363 | Elf:2    | Found a runed gate.
 37363 | Elf:2    | Found a runed gate.
 37363 | Elf:2    | Found a runed gate.
 37388 | Elf:2    | Reached skill level 11 in Necromancy
 37488 | Elf:2    | Got a translucent short sword
 38053 | Elf:3    | Entered Level 3 of the Elven Halls
 38060 | Elf:3    | Reached skill level 12 in Necromancy
 38398 | Elf:3    | Noticed Saint Roka
 38438 | Elf:3    | Killed Saint Roka
 38813 | Elf:3    | Reached skill level 13 in Necromancy
 38839 | Elf:3    | Reached skill level 14 in Necromancy
 38915 | Elf:3    | Got an encrusted spear {pierce}
 38933 | Elf:3    | Got a scorched lajatang
 38955 | Elf:3    | Got a fine scarf
 38977 | Elf:3    | Identified the scarf of Death Resistance {rF+ MR+ Int-3 Slay+2} (You found it on level 3 of the Elven Halls)
 38989 | Elf:3    | Got a flickering brass ring
 38991 | Elf:3    | Identified the ring of Zyha Bih {rN+ MR+ Str+2 Dex-3} (You acquired it on level 3 of the Elven Halls)
 39045 | Elf:3    | Gained mutation: Your system is resistant to poisons. (rPois) [evolution]
 39072 | Elf:3    | Got a pitted dagger
 39140 | Elf:3    | Reached skill level 2 in Spellcasting
 39544 | Snake:3  | Bought a scroll of enchant weapon for 75 gold pieces
 39545 | Snake:3  | Bought a scroll of recharging for 95 gold pieces
 39545 | Snake:3  | Bought a scroll of fog for 20 gold pieces
 39545 | Snake:3  | Bought a scroll of teleportation for 30 gold pieces
 39545 | Snake:3  | Bought a scroll of teleportation for 30 gold pieces
 39791 | Depths:1 | Entered Level 1 of the Depths
 39817 | Depths:1 | Reached XP level 22. HP: 228/228 MP: 28/28
 39818 | Depths:1 | Reached skill level 4 in Spellcasting
 39818 | Depths:1 | Reached XP level 23. HP: 235/235 MP: 29/29
 39822 | Depths:1 | Reached skill level 5 in Spellcasting
 39929 | Depths:1 | Reached skill level 6 in Spellcasting
 39991 | Depths:1 | Found a one-way gate to the infinite horrors of the Abyss.
 40130 | Depths:1 | Reached skill level 7 in Spellcasting
 40256 | Depths:1 | Found Buiny's Food Shop.
 40277 | Depths:1 | Reached skill level 8 in Spellcasting
 40437 | Depths:1 | Found a gateway to Hell.
 40666 | Depths:2 | Reached skill level 16 in Invocations
 40973 | Depths:2 | Reached skill level 17 in Invocations
 41762 | Depths:3 | Found a one-way gate leading to the halls of Pandemonium.
 41808 | Depths:3 | Learned a level 5 spell: Agony
 41814 | Depths:3 | Learned a level 5 spell: Dispel Undead
 42327 | Depths:3 | Reached skill level 18 in Invocations
 42433 | Depths:3 | Noticed a greater mummy
 42444 | Depths:3 | Killed a greater mummy
 42597 | Depths:3 | Noticed a greater mummy
 42605 | Depths:3 | Killed a greater mummy
 42676 | Depths:3 | Noticed a greater mummy
 42705 | Depths:3 | Killed a greater mummy
 42874 | Depths:4 | Reached skill level 19 in Invocations
 42942 | Depths:4 | Reached skill level 20 in Invocations
 42958 | Depths:4 | Reached XP level 24. HP: 243/243 MP: 30/30
 42989 | Depths:4 | Got a wavering tin amulet
 43017 | Depths:4 | Found a gateway to a bazaar.
 43063 | Bazaar   | Entered a bazaar
 43075 | Bazaar   | Found Jilang's Food Shoppe.
 43075 | Bazaar   | Found Nedum's Book Shoppe.
 43111 | Bazaar   | Found Giymidd's Distillery.
 43111 | Bazaar   | Found Ibroe's Distillery.
 43129 | Bazaar   | Bought a potion of agility for 36 gold pieces
 43141 | Bazaar   | Bought a potion of heal wounds for 60 gold pieces
 43141 | Bazaar   | Bought a potion of might for 48 gold pieces
 43141 | Bazaar   | Bought a potion of haste for 120 gold pieces
 43420 | Depths:4 | Reached skill level 21 in Invocations
 43448 | Depths:4 | Identified the amulet of Noon {RegenMP rF+ rC+} (You took it off a deep elf high priest on level 4 of the Depths)
 44238 | Depths:5 | Entered Level 5 of the Depths
 44343 | Depths:5 | Found a gateway to a ziggurat.
 44439 | Depths:5 | Paralysed by a floating eye for 2 turns
 44443 | Depths:5 | Reached skill level 20 in Fighting
 44566 | Depths:5 | Found a gate to the Realm of Zot.
 44651 | Depths:5 | Noticed a juggernaut
 44664 | Depths:5 | Killed a juggernaut
 45611 | Vaults:5 | Entered Level 5 of the Vaults
 45637 | Vaults:5 | Noticed an ancient lich
 45686 | Vaults:5 | Reached skill level 21 in Fighting
 45712 | Vaults:5 | Killed an ancient lich
 46097 | Vaults:5 | Reached skill level 22 in Fighting
 46102 | Vaults:5 | Reached XP level 25. HP: 260/260 MP: 31/31
 46120 | Vaults:5 | Identified Vuar's Papyrus of the Virous Oath
 46209 | Vaults:5 | Got a silver rune of Zot
 46618 | Vaults:5 | Reached skill level 23 in Fighting
 47721 | Crypt:1  | Entered Level 1 of the Crypt
 47879 | Crypt:1  | Reached skill level 11 in Dodging
 48242 | Crypt:1  | Gained mutation: You are agile. (Dex +2) [evolution]
 48262 | Crypt:1  | Got a faintly humming crystal plate armour
 48263 | Crypt:1  | Identified the +1 crystal plate armour of the Orb {rPois rC+} (You found it on level 1 of the Crypt)
 48742 | Crypt:2  | Reached skill level 12 in Armour
 48920 | Crypt:2  | Reached skill level 12 in Dodging
 49027 | Crypt:2  | Noticed Frederick
 49036 | Crypt:2  | Killed Frederick
 49088 | Crypt:2  | Learned a level 2 spell: Song of Slaying
 49135 | Crypt:2  | Reached XP level 26. HP: 274/274 MP: 31/31
 49161 | Crypt:2  | Reached skill level 1 in Charms
 49169 | Crypt:2  | Reached skill level 2 in Charms
 49181 | Crypt:2  | Reached skill level 3 in Charms
 49201 | Crypt:2  | Got a heavily runed copper ring
 49300 | Crypt:2  | Reached skill level 4 in Charms
 49579 | Crypt:3  | Entered Level 3 of the Crypt
 49672 | Crypt:3  | Reached skill level 5 in Charms
 49810 | Crypt:3  | Found a basalt altar of Yredelemnul.
 49845 | Crypt:3  | Reached skill level 6 in Charms
 49909 | Crypt:3  | Reached skill level 7 in Charms
 49919 | Crypt:3  | Reached skill level 8 in Charms
 49976 | Crypt:3  | Found a basalt altar of Yredelemnul.
 50008 | Crypt:3  | Found an ancient bone altar of Kikubaaqudgha.
 50062 | Crypt:3  | Identified the ring "Mekhlyi" {Wiz rPois rF+ Str+3 Dex-4} (You took it off a hell knight on level 2 of the Crypt)
 50073 | Crypt:3  | Identified Qedoll's Guide on Beguiling
 50077 | Crypt:3  | Got a slimy battleaxe
 50439 | Crypt:3  | Reached skill level 24 in Fighting
 50519 | Crypt:3  | Found a staircase to the Tomb.
 50940 | Depths:5 | Paralysed by a floating eye for 2 turns
 50964 | Zot:1    | Entered Level 1 of the Realm of Zot
 51096 | Zot:1    | Noticed Tiamat
 51128 | Zot:1    | HP: 27/277 [Tiamat/antimagic demon trident (37)]
 51129 | Zot:1    | HP: 6/277 [Tiamat/antimagic demon trident (39)]
 51418 | Zig:1    | Entered Level 1 of a ziggurat
 51418 | Zig:1    | Noticed a greater mummy
 51426 | Zig:1    | Killed a greater mummy
 51442 | Zig:2    | Entered Level 2 of a ziggurat
 51467 | Zig:2    | Got a fine dagger
 51474 | Zig:3    | Entered Level 3 of a ziggurat
 51540 | Zig:4    | Entered Level 4 of a ziggurat
 51558 | Zig:4    | Got a transparent helmet
 51570 | Zig:4    | Identified the +2 helmet of Fedhas's Outrage {rF+ rN+ Stlth+} (You found it on level 4 of a ziggurat)
 51588 | Zig:5    | Entered Level 5 of a ziggurat
 51630 | Zig:5    | Got a fine lapis lazuli ring
 51631 | Zig:5    | Identified the ring "Rolegeu" {Wiz rElec} (You found it on level 5 of a ziggurat)
 51649 | Zig:6    | Entered Level 6 of a ziggurat
 51671 | Zig:6    | HP: 58/278 [guardian mummy's death curse (30)]
 51714 | Zig:6    | Reached XP level 27. HP: 225/288 MP: 27/27
 51733 | Zig:7    | Entered Level 7 of a ziggurat
 51758 | Zig:7    | Reached skill level 25 in Fighting
 51809 | Zig:7    | Learned a level 6 spell: Deflect Missiles
 51818 | Zig:8    | Entered Level 8 of a ziggurat
 51826 | Zig:8    | Noticed an orb of fire
 51828 | Zig:8    | Noticed an orb of fire
 51840 | Zig:8    | Noticed an orb of fire
 51841 | Zig:8    | Killed an orb of fire
 51841 | Zig:8    | Reached skill level 2 in Air Magic
 51841 | Zig:8    | Gained mutation: You tend to lose your temper in combat. [an orb of fire]
 51849 | Zig:8    | Lost mutation: You are agile. (Dex +2) [an orb of fire]
 51850 | Zig:8    | Gained mutation: You are dopey. (Int -2) [an orb of fire]
 51858 | Zig:8    | Killed an orb of fire
 51858 | Zig:8    | Reached skill level 3 in Air Magic
 51858 | Zig:8    | Killed an orb of fire
 51858 | Zig:8    | Reached skill level 4 in Air Magic
 51883 | Zig:8    | Got a heavily runed helmet
 51886 | Zig:8    | Identified the cursed +0 helmet "Dahug" {rPois Stlth+} (You found it on level 8 of a ziggurat)
 51912 | Zig:9    | Entered Level 9 of a ziggurat
 51951 | Zig:9    | Reached skill level 5 in Air Magic
 51993 | Zig:9    | Got a bound platinum ring
 52003 | Zig:9    | Got a steaming scimitar
 52019 | Zig:9    | Identified the ring of Joy {rC++ MR+} (You found it on level 9 of a ziggurat)
 52027 | Zig:10   | Entered Level 10 of a ziggurat
 52033 | Zig:10   | Noticed a juggernaut
 52039 | Zig:10   | Noticed a juggernaut
 52051 | Zig:10   | Killed a juggernaut
 52051 | Zig:10   | Reached skill level 13 in Dodging
 52073 | Zig:10   | Killed a juggernaut
 52073 | Zig:10   | Reached skill level 14 in Dodging
 52119 | Zig:10   | Reached skill level 16 in Dodging
 52129 | Zig:11   | Entered Level 11 of a ziggurat
 52169 | Zig:11   | Reached skill level 17 in Dodging
 52228 | Zig:11   | Got a bloodstained demon whip
 52239 | Zig:11   | Got a fine lapis lazuli ring
 52241 | Zig:11   | Identified the ring of Hafahe {MR+ SInv} (You found it on level 11 of a ziggurat)
 52262 | Zig:12   | Entered Level 12 of a ziggurat
 52311 | Zig:12   | Reached skill level 18 in Dodging
 52345 | Zig:12   | Got an ancient platinum ring
 52347 | Zig:12   | Identified the ring "Wefreh" {rPois Str+5} (You found it on level 12 of a ziggurat)
 52362 | Zig:13   | Entered Level 13 of a ziggurat
 52401 | Zig:13   | Cast into level 4 of the Abyss (vault warden)
 52504 | Abyss:4  | Got an ichor-stained chain mail
 52514 | Abyss:4  | Identified the +3 chain mail of Dyspraxia {-Tele rC+ rCorr Str+7} (You found it on level 4 of the Abyss)
 52529 | Abyss:4  | Reached skill level 19 in Dodging
 52559 | Zig:13   | Escaped the Abyss
 52603 | Zig:13   | Identified the Reference Book on the Entourage
 52609 | Zig:13   | Got a crude quick blade
 52612 | Zig:13   | Reached skill level 6 in Air Magic
 52623 | Zig:14   | Entered Level 14 of a ziggurat
 52657 | Zig:14   | Reached skill level 7 in Air Magic
 52670 | Zig:14   | Reached skill level 9 in Charms
 52674 | Zig:14   | Reached skill level 9 in Spellcasting
 52674 | Zig:14   | Gained mutation: Your spells are a little easier to cast, but a little less powerful. [a shining eye]
 52681 | Zig:14   | Gained mutation: Your spells are easier to cast, but less powerful. [a shining eye]
 52717 | Zig:14   | Got a transparent morningstar
 52749 | Zig:15   | Entered Level 15 of a ziggurat
 52766 | Zig:15   | Noticed a juggernaut
 52767 | Zig:15   | Noticed a juggernaut
 52792 | Zig:15   | Killed a juggernaut
 52800 | Zig:15   | Killed a juggernaut
 52800 | Zig:15   | Reached skill level 8 in Air Magic
 52846 | Zig:15   | Identified Advanced Steps in Magic
 52856 | Zig:15   | Learned a level 6 spell: Simulacrum
 52872 | Zig:15   | Got a glittering golden amulet
 52881 | Zig:16   | Entered Level 16 of a ziggurat
 52904 | Zig:16   | Reached skill level 10 in Charms
 52907 | Zig:16   | Reached skill level 10 in Spellcasting
 53180 | Zig:16   | Got a pitted lajatang
 53185 | Zig:16   | Identified Pedint's Collected Works on Evil Augmentations
 53190 | Zig:16   | Got a transparent lajatang
 53191 | Zig:16   | Identified the Papyrus of the Snowflakes and Moulding
 53203 | Zig:17   | Entered Level 17 of a ziggurat
 53223 | Zig:17   | Noticed a juggernaut
 53226 | Zig:17   | Noticed a juggernaut
 53226 | Zig:17   | Noticed a juggernaut
 53233 | Zig:17   | Noticed a juggernaut
 53245 | Zig:17   | Killed a juggernaut
 53254 | Zig:17   | Killed a juggernaut
 53262 | Zig:17   | Killed a juggernaut
 53263 | Zig:17   | Killed a juggernaut
 53405 | Zig:17   | Got a translucent arbalest
 53426 | Zig:17   | Identified the amulet of Raaskir {Harm *Corrode *Drain rF++ rN+ Dex+2} (You found it on level 15 of a ziggurat)
 53443 | Zig:18   | Entered Level 18 of a ziggurat
 53490 | Zig:18   | Reached skill level 26 in Fighting
 53596 | Zig:18   | Identified The Papyrus of Greatest Risks and Utility
 53601 | Zig:18   | Got an iridescent quarterstaff
 53612 | Zig:19   | Entered Level 19 of a ziggurat
 53639 | Zig:19   | Noticed an ancient lich
 53649 | Zig:19   | HP: 60/294 [flayed ghost/flay_damage (31)]
 53651 | Zig:19   | HP: 29/294 [vampire mage (6)]
 53760 | Depths:5 | Killed Tiamat
 54328 | Zot:2    | Noticed an orb of fire
 54399 | Zot:2    | Killed an orb of fire
 54416 | Zot:2    | Reached skill level 27 in Fighting
 54523 | Zot:2    | Reached skill level 13 in Armour
 55006 | Zot:2    | Reached skill level 20 in Dodging
 55260 | Zot:2    | Rhok: nice axe
 55262 | Zot:2    | MackTheKnife: hey
 55262 | Zot:2    | MackTheKnife: yep :)
 55482 | Zot:3    | Reached skill level 14 in Armour
 55760 | Zot:3    | Noticed an orb of fire
 55778 | Zot:3    | Killed an orb of fire
 55839 | Zot:3    | Reached skill level 19 in Axes
 55870 | Zot:3    | MackTheKnife: Fought Tiamat for the first time in a long time
 55870 | Zot:3    | MackTheKnife: the unique Draconian boss
 55870 | Zot:3    | MackTheKnife: she's crazy strong
 55870 | Zot:3    | MackTheKnife: check that out
 55870 | Zot:3    | MackTheKnife: 385 HP
 55870 | Zot:3    | MackTheKnife: 60 dmg
 55870 | Zot:3    | Rhok: oh
 55870 | Zot:3    | Rhok: stronk ;)
 56361 | Zot:4    | Noticed an orb of fire
 56390 | Zot:4    | Gained mutation: You occasionally shout uncontrollably at your foes. [an orb of fire]
 56394 | Zot:4    | Killed an orb of fire
 56734 | Zot:4    | Reached skill level 20 in Axes
 57276 | Slime:1  | Entered Level 1 of the Pits of Slime
 58159 | Slime:2  | Noticed Dissolution
 58181 | Slime:2  | Killed Dissolution
 58203 | Slime:2  | Gained mutation: You are occasionally teleported next to monsters. [a shining eye]
 58205 | Slime:2  | Gained mutation: You are clumsy. (Dex -2) [a shining eye]
 58209 | Slime:2  | Gained mutation: You sometimes yell uncontrollably at your foes. [a shining eye]
 58249 | Slime:3  | Reached skill level 21 in Axes
 58319 | Slime:5  | Entered Level 5 of the Pits of Slime
 58332 | Slime:5  | Noticed the Royal Jelly
 58397 | Slime:5  | Killed the Royal Jelly
 58516 | Slime:5  | Identified a +0 pair of boots of running (You found it on level 5 of the Pits of Slime)
 58522 | Slime:5  | Got a wavering golden ring
 58524 | Slime:5  | Got a flickering brass ring
 58525 | Slime:5  | Identified the ring "Ohechi" {MP+9 Str+2} (You found it on level 5 of the Pits of Slime)
 58527 | Slime:5  | Identified the cursed ring "Duplis" {rF- rC- Str+9 Slay-2 Stlth+} (You found it on level 5 of the Pits of Slime)
 58535 | Slime:5  | Identified the Papyrus of Icy Contamination
 58553 | Slime:5  | Got a slimy rune of Zot
 58580 | Slime:5  | Identified Ysuefig's Grimoire of Unstable Shape Shifting
 58632 | Slime:5  | Learned a level 8 spell: Borgnjor's Revivification
 58880 | Lair:1   | Lost mutation: You evolve. [potion of mutation]
 58880 | Lair:1   | Lost mutation: You are dopey. (Int -2) [potion of mutation]
 58880 | Lair:1   | Lost mutation: Your spells are easier to cast, but less powerful. [potion of mutation]
 58880 | Lair:1   | Lost mutation: You are clumsy. (Dex -2) [potion of mutation]
 58880 | Lair:1   | Lost mutation: You sometimes yell uncontrollably at your foes. [potion of mutation]
 58880 | Lair:1   | Lost mutation: You are resistant to electric shocks. (rElec) [potion of mutation]
 58880 | Lair:1   | Gained mutation: You are agile. (Dex +2) [potion of mutation]
 58880 | Lair:1   | Gained mutation: You are robust. (+10% HP) [potion of mutation]
 58881 | Lair:1   | Lost mutation: Your system is resistant to poisons. (rPois) [potion of mutation]
 58881 | Lair:1   | Lost mutation: You are weak. (Str -2) [potion of mutation]
 58881 | Lair:1   | Lost mutation: You have an increased reservoir of magic. (+10% MP) [potion of mutation]
 58881 | Lair:1   | Gained mutation: You are partially covered in large bone plates. (SH +4) [potion of mutation]
 58882 | Lair:1   | Lost mutation: You expend magic power (3 MP) to strengthen your wands. [potion of mutation]
 58882 | Lair:1   | Lost mutation: You tend to lose your temper in combat. [potion of mutation]
 58882 | Lair:1   | Lost mutation: You are partially covered in yellow scales. (AC +2) [potion of mutation]
 58882 | Lair:1   | Gained mutation: You expend magic power (3 MP) to strengthen your wands. [potion of mutation]
 58882 | Lair:1   | Gained mutation: Your body sometimes deteriorates upon taking damage. [potion of mutation]
 58882 | Lair:1   | Lost mutation: You are agile. (Dex +2) [potion of mutation]
 58882 | Lair:1   | Gained mutation: Your flesh is heat resistant. (rF+) [potion of mutation]
 58883 | Lair:1   | Lost mutation: Your spells are a little easier to cast, but a little less powerful. [potion of mutation]
 58883 | Lair:1   | Lost mutation: You expend magic power (3 MP) to strengthen your wands. [potion of mutation]
 58883 | Lair:1   | Lost mutation: You occasionally shout uncontrollably at your foes. [potion of mutation]
 58883 | Lair:1   | Lost mutation: Your body sometimes deteriorates upon taking damage. [potion of mutation]
 58883 | Lair:1   | Lost mutation: You are partially covered in large bone plates. (SH +4) [potion of mutation]
 58883 | Lair:1   | Gained mutation: Your mind is acute. (Int +2) [potion of mutation]
 58883 | Lair:1   | Gained mutation: You can translocate small distances at will. [potion of mutation]
 58883 | Lair:1   | Gained mutation: Your spells are a little harder to cast, but a little more powerful. [potion of mutation]
 58884 | Lair:1   | Lost mutation: Your mind is acute. (Int +2) [potion of mutation]
 58884 | Lair:1   | Lost mutation: You have supernaturally acute eyesight. (SInv) [potion of mutation]
 58884 | Lair:1   | Lost mutation: You are robust. (+10% HP) [potion of mutation]
 58884 | Lair:1   | Gained mutation: You evolve. [potion of mutation]
 58884 | Lair:1   | Gained mutation: You have a pair of small horns on your head. [potion of mutation]
 58884 | Lair:1   | Gained mutation: Your movements are slightly less encumbered by armour. (ER -2) [potion of mutation]
 58884 | Lair:1   | Gained mutation: Your muscles are strong. (Str +2) [potion of mutation]
 58885 | Lair:1   | Lost mutation: You have a pair of small horns on your head. [potion of mutation]
 58885 | Lair:1   | Lost mutation: Your muscles are strong. (Str +2) [potion of mutation]
 58885 | Lair:1   | Gained mutation: You have sharp fingernails. [potion of mutation]
 58885 | Lair:1   | Gained mutation: You are robust. (+10% HP) [potion of mutation]
 58886 | Lair:1   | Lost mutation: You are occasionally teleported next to monsters. [potion of mutation]
 58886 | Lair:1   | Lost mutation: You have sharp fingernails. [potion of mutation]
 58886 | Lair:1   | Gained mutation: Your magical capacity is low. (-10% MP) [potion of mutation]
 58886 | Lair:1   | Lost mutation: Your spells are a little harder to cast, but a little more powerful. [potion of mutation]
 58886 | Lair:1   | Gained mutation: You have a pair of small horns on your head. [potion of mutation]
 59076 | Depths:1 | Voluntarily entered the Abyss.
 59116 | Abyss:2  | Found a corrupted altar of Lugonu.
 59175 | Abyss:3  | Gained mutation: You tend to lose your temper in combat. [a cacodemon]
 59177 | Abyss:3  | Gained mutation: Armour fits poorly on your strangely shaped body. [a cacodemon]
 59178 | Abyss:3  | Gained mutation: Your body sometimes deteriorates upon taking damage. [a neqoxec]
 59217 | Abyss:3  | Lost mutation: You are robust. (+10% HP) [potion of mutation]
 59217 | Abyss:3  | Lost mutation: Your body sometimes deteriorates upon taking damage. [potion of mutation]
 59217 | Abyss:3  | Gained mutation: You have very sharp teeth. [potion of mutation]
 59218 | Abyss:3  | Lost mutation: Your flesh is heat resistant. (rF+) [potion of mutation]
 59218 | Abyss:3  | Lost mutation: Your movements are slightly less encumbered by armour. (ER -2) [potion of mutation]
 59218 | Abyss:3  | Lost mutation: You tend to lose your temper in combat. [potion of mutation]
 59218 | Abyss:3  | Lost mutation: You evolve. [potion of mutation]
 59218 | Abyss:3  | Gained mutation: Your magical capacity is very low. (-20% MP) [potion of mutation]
 59218 | Abyss:3  | Gained mutation: Your spells are a little harder to cast, but a little more powerful. [potion of mutation]
 59219 | Abyss:3  | Lost mutation: You can translocate small distances at will. [potion of mutation]
 59219 | Abyss:3  | Lost mutation: Armour fits poorly on your strangely shaped body. [potion of mutation]
 59219 | Abyss:3  | Gained mutation: You are occasionally teleported next to monsters. [potion of mutation]
 59219 | Abyss:3  | Gained mutation: Your movements are slightly less encumbered by armour. (ER -2) [potion of mutation]
 59219 | Abyss:3  | Gained mutation: You are agile. (Dex +2) [potion of mutation]
 59220 | Abyss:3  | Lost mutation: You are agile. (Dex +2) [potion of mutation]
 59220 | Abyss:3  | Lost mutation: Your movements are slightly less encumbered by armour. (ER -2) [potion of mutation]
 59220 | Abyss:3  | Lost mutation: Your spells are a little harder to cast, but a little more powerful. [potion of mutation]
 59220 | Abyss:3  | Gained mutation: You expend magic power (3 MP) to strengthen your wands. [potion of mutation]
 59220 | Abyss:3  | Gained mutation: You occasionally shout uncontrollably at your foes. [potion of mutation]
 59220 | Abyss:3  | Gained mutation: You are covered in fur. (AC +1) [potion of mutation]
 59221 | Abyss:3  | Lost mutation: You expend magic power (3 MP) to strengthen your wands. [potion of mutation]
 59221 | Abyss:3  | Lost mutation: Your magical capacity is very low. (-20% MP) [potion of mutation]
 59221 | Abyss:3  | Lost mutation: You have a pair of small horns on your head. [potion of mutation]
 59221 | Abyss:3  | Lost mutation: Your magical capacity is low. (-10% MP) [potion of mutation]
 59221 | Abyss:3  | Lost mutation: You are covered in fur. (AC +1) [potion of mutation]
 59221 | Abyss:3  | Gained mutation: You are dopey. (Int -2) [potion of mutation]
 59221 | Abyss:3  | Gained mutation: Your spells are a little harder to cast, but a little more powerful. [potion of mutation]
 59222 | Abyss:3  | Lost mutation: You are dopey. (Int -2) [potion of mutation]
 59222 | Abyss:3  | Lost mutation: You occasionally shout uncontrollably at your foes. [potion of mutation]
 59222 | Abyss:3  | Lost mutation: Your spells are a little harder to cast, but a little more powerful. [potion of mutation]
 59222 | Abyss:3  | Gained mutation: Your muscles are strong. (Str +2) [potion of mutation]
 59222 | Abyss:3  | Gained mutation: You can translocate small distances at will. [potion of mutation]
 59223 | Abyss:3  | Lost mutation: Your muscles are strong. (Str +2) [potion of mutation]
 59223 | Abyss:3  | Lost mutation: You can translocate small distances at will. [potion of mutation]
 59223 | Abyss:3  | Lost mutation: You are occasionally teleported next to monsters. [potion of mutation]
 59223 | Abyss:3  | Lost mutation: You have very sharp teeth. [potion of mutation]
 59223 | Abyss:3  | Gained mutation: Your skin changes colour to match your surroundings (Stealth+). [potion of mutation]
 59223 | Abyss:3  | Gained mutation: You are partially covered in iridescent scales. (AC +2) [potion of mutation]
 59223 | Abyss:3  | Gained mutation: You are dopey. (Int -2) [potion of mutation]
 59223 | Abyss:3  | Gained mutation: You have a pair of small antennae on your head. [potion of mutation]
 59372 | Abyss:3  | Reached skill level 15 in Necromancy
 59486 | Abyss:3  | Gained mutation: You are very dopey. (Int -4) [a neqoxec]
 59496 | Abyss:3  | Found a radiant altar of Vehumet.
 59535 | Abyss:3  | Found a radiant altar of Vehumet.
 59567 | Abyss:3  | Reached skill level 11 in Spellcasting
 59622 | Abyss:3  | Gained mutation: You are resistant to hostile enchantments. (MR+) [a shining eye]
 59626 | Abyss:3  | Gained mutation: You expend magic power (3 MP) to strengthen your wands. [a shining eye]
 59628 | Abyss:3  | Gained mutation: You are weak. (Str -2) [a shining eye]
 59633 | Abyss:3  | Paralysed by accursed screaming for 1 turns
 59662 | Abyss:3  | Got a pair of faintly humming gloves
 59663 | Abyss:3  | Identified the +3 pair of gloves "Acidijor" {+Blink Str-3 Int+7} (You found it on level 3 of the Abyss)
 59862 | Abyss:3  | Found a glowing golden altar of the Shining One.
 59901 | Abyss:3  | Noticed a juggernaut
 59916 | Abyss:3  | Killed a juggernaut
 59920 | Abyss:3  | Got an abyssal rune of Zot
 59926 | Abyss:3  | Found a glowing golden altar of the Shining One.
 59936 | Abyss:3  | Got a warped buckler
 60025 | Abyss:3  | Identified the +2 buckler "Ysaiky" {+Blink MR- Str+3} (You took it off a cherub on level 3 of the Abyss)
 60204 | Abyss:3  | Reached skill level 16 in Necromancy
 60393 | Abyss:3  | Reached skill level 12 in Spellcasting
 60409 | Depths:1 | Escaped the Abyss
 60636 | Zot:5    | Entered Level 5 of the Realm of Zot
 61026 | Zot:5    | Reached skill level 17 in Necromancy
 61058 | Zot:5    | Noticed an ancient lich
 61064 | Zot:5    | Killed an ancient lich
 61116 | Zot:5    | Reached skill level 13 in Spellcasting
 61119 | Zot:5    | Noticed an orb of fire
 61132 | Zot:5    | Noticed an orb of fire
 61142 | Zot:5    | Killed an orb of fire
 61146 | Zot:5    | Noticed an ancient lich
 61152 | Zot:5    | Gained mutation: Your spells are a little easier to cast, but a little less powerful. [an orb of fire]
 61153 | Zot:5    | Killed an orb of fire
 61156 | Zot:5    | Killed an ancient lich
 61189 | Zot:5    | Reached skill level 18 in Necromancy
 61191 | Zot:5    | Noticed an ancient lich
 61196 | Zot:5    | Killed an ancient lich
 61197 | Zot:5    | Noticed an orb of fire
 61222 | Zot:5    | Lost mutation: Your spells are a little easier to cast, but a little less powerful. [an orb of fire]
 61251 | Zot:5    | Gained mutation: Scrolls take you a little longer to read. [an orb of fire]
 61257 | Zot:5    | Lost mutation: You are weak. (Str -2) [an orb of fire]
 61259 | Zot:5    | Gained mutation: Armour fits poorly on your strangely shaped body. [an orb of fire]
 61261 | Zot:5    | Gained mutation: You are occasionally teleported next to monsters. [an orb of fire]
 61262 | Zot:5    | Gained mutation: Scrolls take you longer to read. [an orb of fire]
 61265 | Zot:5    | Killed an orb of fire
 61303 | Zot:5    | Reached skill level 19 in Necromancy
 61309 | Zot:5    | Noticed an ancient lich
 61319 | Zot:5    | Killed an ancient lich
 61817 | Shoals:4 | Bought 2 potions of mutation for 240 gold pieces
 61817 | Shoals:4 | Lost mutation: You are very dopey. (Int -4) [potion of mutation]
 61817 | Shoals:4 | Lost mutation: You expend magic power (3 MP) to strengthen your wands. [potion of mutation]
 61817 | Shoals:4 | Gained mutation: Your spells are a little harder to cast, but a little more powerful. [potion of mutation]
 61817 | Shoals:4 | Gained mutation: You are robust. (+10% HP) [potion of mutation]
 61818 | Shoals:4 | Lost mutation: Scrolls take you longer to read. [potion of mutation]
 61818 | Shoals:4 | Lost mutation: You have a pair of small antennae on your head. [potion of mutation]
 61818 | Shoals:4 | Lost mutation: You are resistant to hostile enchantments. (MR+) [potion of mutation]
 61818 | Shoals:4 | Lost mutation: You are robust. (+10% HP) [potion of mutation]
 61818 | Shoals:4 | Gained mutation: You are partially covered in icy blue scales. (AC +2) [potion of mutation]
 61818 | Shoals:4 | Gained mutation: You are partially covered in large bone plates. (SH +4) [potion of mutation]
 62045 | D:10     | Bought a potion of mutation for 104 gold pieces
 62045 | D:10     | Lost mutation: You are partially covered in iridescent scales. (AC +2) [potion of mutation]
 62045 | D:10     | Lost mutation: You are occasionally teleported next to monsters. [potion of mutation]
 62045 | D:10     | Lost mutation: Armour fits poorly on your strangely shaped body. [potion of mutation]
 62045 | D:10     | Gained mutation: You are very dopey. (Int -4) [potion of mutation]
 62045 | D:10     | Gained mutation: You are robust. (+10% HP) [potion of mutation]
 62550 | Zot:5    | Reached skill level 20 in Necromancy
 62566 | Zot:5    | Got the Orb of Zot
 63145 | D:7      | Noticed Duvessa
 63145 | D:7      | Noticed Dowan
 63150 | D:7      | Killed Dowan
 63151 | D:7      | Killed Duvessa
 63190 | D:6      | Noticed an ancient lich
 63197 | D:6      | Noticed Qigytij the pandemonium lord
 63206 | D:5      | Killed an ancient lich
 63279 | D:3      | Reached skill level 21 in Necromancy
 63335 | D:3      | Killed nihilbene's ghost
 63400 | D:$      | Escaped with the Orb!

Vault maps used:
D:1:      minmay_arrival_doors
D:2:      grunt_temple_overflow_gold_and_silver, vehumet_crystals, uniq_jessica,
          uniq_natasha
D:3:      tso_oasis_becter
D:4:      nicolae_overflow_hidden_temple,
          chequers_temple_overflow_statue_of_worship
D:5:      fedhas_bush_and_centaur_altar, minmay_temple_entry_hall, first_bread,
          makhleb_blood_cavern_becter, uniq_pikel, uniq_sigmund
D:6:      kennysheep_ying_yang, nicolae_qazlal_eye_of_the_storm
D:7:      kennysheep_mini, uniq_duvessa, uniq_menkaure
D:8:      marbit_many_paths, hangedman_ranch, uniq_maurice
D:9:      gammafunk_temple_overflow_statue, orc_0_dummy, serial_ice,
          serial_ice_g, serial_ice_k, serial_ice_d, serial_ice_h, uniq_joseph
D:10:     serial_shops, nicolae_shop_waterfront, lemuel_hellish_altar
D:11:     lair_entry_dummy
D:12:     spider_trap
D:13:     david_vaults_3, uniq_azrael
D:14:     minmay_hedge_maze
D:15:     grunt_enter_depths_magical_seal, serial_bayou_pond_d
Temple:   corrupted_temple
Lair:1:   cheibrodos_lair_river_kwai, serial_bayou_shore_a
Lair:2:   beast_lair_carwin_large_2, shoals_dummy_entry, worms_lemuel,
          infiniplex_staircase_pool, uniq_erica, uniq_harold, uniq_nergalle
Lair:3:   dummy_snake_entry, beast_lair_carwin_1
Lair:4:   grunt_megastairs_1
Lair:5:   ice2_lemuel, lemuel_fruit_tree
Lair:6:   guppyfry_lair_end_dragon, hangedman_lair_caniforms_friends,
          dpeg_slime_entry_enclosed_altar, basic_altar, special_room,
          st_stairs_3
Shoals:1: nicolae_shoals_drake_roost
Shoals:2: lemuel_centaur_altar, uniq_polyphemus
Shoals:3: cheibrodos_shoals_baths
Shoals:4: shoals_end_simple, shoal_ilsuiw, serial_shops, shop, yaktaur_hedge
Snake:1:  basic_altar, minmay_shop_star
Snake:2:  cheibrodos_snake_lava_hold
Snake:3:  serial_shops, shop, shop_scrolls, nicolae_shop_statue_plus, shop,
          serial_bayou_pond_b, uniq_aizul, uniq_mara, uniq_jorgrun
Snake:4:  grunt_snake_rune_serpentine_throne, basic_altar,
          portal_ice_cave_entry_frozen_things, minmay_shoptagon, uniq_asterion
Slime:2:  dissolution_awaits
Slime:3:  nicolae_slime_round_cave
Slime:4:  nicolae_slime_ancient_tower_intersection,
          cheibrodos_slime_lost_civilization_4
Orc:1:    uniq_josephine
Orc:2:    st_orc_town, serial_shops, nicolae_shop_crystal, basic_altar
Elf:1:    minmay_elf_arrival_circle, kennysheep_underground_church, spider_trap
Elf:2:    portal_desolation_entry_holy_temple
Elf:3:    minmay_elf_hall_dome, uniq_saint_roka
Vaults:1: nicolae_vaults_border_crossing, v_alt_pattern_1,
          nicolae_vaults_ring_of_whatevers, nicolae_vaults_ninety_degrees,
          hangedman_vaults_trim, v_misc_23, v_rooms_3, v_misc_4,
          vaults_dpeg_hooks, st_spiral_rooms, vaults_mumra_chevron
Vaults:2: v_misc_25, grunt_vaults_diagonal, nicolae_vaults_network_quinsquares,
          v_rooms_2, ontoclasm_vaults_decontamination, vaults_standard_mumra_x,
          v_alt_pattern_6, v_misc_12, hangedman_vaults_capsules, serial_shops,
          shop, shop, nicolae_shop_overgrown_old_shop, nicolae_shop_statue_plus,
          shop, uniq_bai_suzhen
Vaults:3: ontoclasm_vaults_chip, v_misc_5, ontoclasm_vaults_pinch,
          minmay_crypt_entry_simple_sparse, nicolae_vaults_triangles,
          vaults_dpeg_spiral, hangedman_vaults_nails, grunt_vaults_bifocal,
          ontoclasm_vaults_idyll, ontoclasm_vaults_ring_square,
          grunt_vaults_swirl, ontoclasm_vaults_shuriken, serial_shops,
          nicolae_shop_statue_plus
Vaults:4: nicolae_vaults_little_squares_4, v_misc_27, ontoclasm_vaults_spin,
          grunt_vaults_hallway_long, v_misc_29, hangedman_vaults_nails,
          hangedman_vaults_pinch, nicolae_vaults_asterisk,
          ontoclasm_vaults_gateway
Crypt:1:  nicolae_crypt_soggy_tomb, st_stairs_4, nicolae_crypt_small_crypt,
          grunt_crypt_arrival_webbed
Crypt:2:  cheibrodos_crypt_draghalla, grunt_ministairs_7, hex_medium,
          uniq_frederick
Crypt:3:  lightli_unholy_cathedral, tomb_entry_pyramid_bobbens, basic_altar
Depths:1: hell_entry, serial_shops, shop_fountains, abyss_entry,
          hangedman_decor_lopped, nooodl_orcs_dogs
Depths:2: minmay_ornate_pinched, minmay_misc_feat_four_crosses,
          grunt_hell_entry_dis_old
Depths:3: minmay_guarded_unrand_sceptre_of_torment, hangedman_coc_ice_floe,
          pan_entry, minmay_door_square, abyss_entry, serial_bayou_shore_b,
          serial_bayou_shore_b, infiniplex_staircase_diamond
Depths:4: minmay_the_grid_octo_tiled_octocenter_mashed, serial_shops,
          bzr_entry_water, hell_entry, serial_sigils,
          serial_sigils_hangedman_scar, serial_sigils_hangedman_confine,
          serial_sigils_hangedman_snap, serial_sigils_hangedman_gnaw,
          minmay_room_of_horrors, infiniplex_staircase_zigzag_4
Depths:5: evilmike_zot_entry_argh, enter_ziggurat_d, nrook_pool_corridor,
          hell_entry, hangedman_decor_points
Zot:1:    st_stairs_10, uniq_tiamat
Zot:2:    zot_minivault_6
Zot:3:    zot_minivault_1
Zot:5:    grunt_ministairs_10
Abyss:2:  minivault_22
Abyss:4:  hangedman_abyss_batty_box,
          evilmike_nicolae_abyss_rune_containment_curve
Zig:3:    ziggurat_pillar_centre_c
Zig:8:    ziggurat_pillar_centre_dead_trees
Zig:17:   ziggurat_pillar_centre_oklobs
Bazaar:   grunt_bazaar_doublecross
IceCv:    ice_cave_tombish

Skill      XL: |  1  2  3  4  5  6  7  8  9 10 11 12 13 14 15 16 17 18 19 20 21 22 23 24 25 26 27 |
---------------+----------------------------------------------------------------------------------+-----
Fighting       | 1 2 3 4 5 7 9 10 12 15 16 19 22 23 24 27 | 27.0
Axes           | 1 3 6 9 13 15 16 18 21 | 21.8
Necromancy     | 5 9 14 21 | 21.1
Shields        | 6 12 16 | 16.0
Invocations    | 7 8 11 15 20 21 | 21.5
Evocations     | 7 8 11 14 | 14.7
Armour         | 10 11 12 14 | 14.4
Dodging        | 10 12 20 | 20.6
Spellcasting   | 2 4 8 13 | 13.3
Charms         | 8 10 | 10.6
Air Magic      | 8 |  8.9
Stealth        | |  2.4

Action                   |  1- 3 |  4- 6 |  7- 9 | 10-12 | 13-15 | 16-18 | 19-21 | 22-24 | 25-27 || total
-------------------------+-------+-------+-------+-------+-------+-------+-------+-------+-------++-------
Melee: Short sword       |    22 |    21 |       |       |       |       |       |       |       ||    43
       Hand axe          |       |   104 |       |       |       |       |       |       |       ||   104
       Dagger            |       |     1 |    23 |       |       |       |       |       |       ||    24
       War axe           |       |       |   157 |   478 |  1047 |  1068 |       |       |       ||  2750
       Broad axe         |       |       |       |       |       |   989 |  1998 |  1153 |  3741 ||  7881
       Headbutt          |       |       |       |       |       |       |       |       |    13 ||    13
 Cast: Pain              |    22 |    75 |    36 |    14 |       |       |       |       |       ||   147
       Animate Skeleton  |     7 |    17 |    16 |    22 |     3 |     1 |       |       |       ||    66
       Vampiric Draining |       |    29 |    34 |    42 |    50 |    25 |       |       |     4 ||   184
       Animate Dead      |       |       |       |    10 |    38 |    35 |     3 |     4 |     2 ||    92
       Dispel Undead     |       |       |       |       |       |       |       |    15 |     7 ||    22
       Death Channel     |       |       |       |       |       |       |       |     4 |     4 ||     8
       Song of Slaying   |       |       |       |       |       |       |       |       |     8 ||     8
       Deflect Missiles  |       |       |       |       |       |       |       |       |     5 ||     5
       Borgnjor's Revivi |       |       |       |       |       |       |       |       |     1 ||     1
Invok: Minor Destruction |       |       |       |    13 |    18 |     1 |       |       |       ||    32
       Lesser Servant of |       |       |       |    10 |    32 |    33 |       |       |       ||    75
       Greater Servant o |       |       |       |       |       |     7 |     4 |     5 |    31 ||    47
       Major Destruction |       |       |       |       |       |     3 |       |       |       ||     3
 Abil: Heal Wounds       |       |       |     1 |       |     2 |    19 |       |     9 |    34 ||    65
Evoke: Wand              |       |       |    14 |    12 |    12 |     5 |     3 |     4 |    10 ||    60
       Lightning rod     |       |       |       |       |     8 |     4 |     3 |       |     5 ||    20
       Lamp of fire      |       |       |       |       |     4 |     3 |     2 |     1 |     5 ||    15
       Sack of spiders   |       |       |       |       |       |       |       |       |     3 ||     3
  Use: Scroll            |     1 |    10 |    10 |    13 |     7 |    24 |    15 |     8 |    34 ||   122
       Potion            |       |       |     1 |       |     4 |    10 |     1 |     4 |    46 ||    66
 Stab: Sleeping          |       |     2 |     1 |     2 |     2 |     1 |     6 |       |     3 ||    17
       Confused          |       |       |     3 |     1 |       |       |       |       |       ||     4
       Distracted        |       |       |       |     1 |    14 |    19 |     3 |     9 |    14 ||    60
       Petrified         |       |       |       |       |       |    20 |       |       |     1 ||    21
       Petrifying        |       |       |       |       |       |     2 |       |     1 |       ||     3
       Held in net/web   |       |       |       |       |       |       |       |       |     2 ||     2
  Eat: Chunk             |       |    16 |    13 |    26 |    11 |    18 |    17 |     4 |     7 ||   112
       Bread ration      |       |       |     1 |     1 |     4 |     5 |     3 |     5 |    10 ||    29
       Royal jelly       |       |       |       |       |     4 |       |     4 |       |     7 ||    15
       Meat ration       |       |       |       |       |       |     2 |       |       |     1 ||     3
Armor: Robe              |     3 |       |       |       |       |       |       |       |       ||     3
       Ring mail         |    10 |    79 |    84 |    46 |       |       |       |       |       ||   219
       Scale mail        |       |       |       |    91 |   325 |   605 |   340 |   291 |  1090 ||  2742
       Fire dragon scale |       |       |       |       |       |    38 |       |       |       ||    38
Dodge: Dodged            |    14 |   106 |   130 |   235 |   735 |  1692 |   895 |   510 |  1833 ||  6150
       Deflected         |       |       |       |       |       |       |       |       |    32 ||    32
Block: Buckler           |       |       |       |    69 |   257 |   499 |       |       |       ||   825
       Shield            |       |       |       |       |       |     4 |  1120 |   869 |  2629 ||  4622

Vault maps used:
D:1:      minmay_arrival_doors
D:2:      grunt_temple_overflow_gold_and_silver, vehumet_crystals, uniq_jessica,
          uniq_natasha
D:3:      tso_oasis_becter
D:4:      nicolae_overflow_hidden_temple,
          chequers_temple_overflow_statue_of_worship
D:5:      fedhas_bush_and_centaur_altar, minmay_temple_entry_hall, first_bread,
          makhleb_blood_cavern_becter, uniq_pikel, uniq_sigmund
D:6:      kennysheep_ying_yang, nicolae_qazlal_eye_of_the_storm
D:7:      kennysheep_mini, uniq_duvessa, uniq_menkaure
D:8:      marbit_many_paths, hangedman_ranch, uniq_maurice
D:9:      gammafunk_temple_overflow_statue, orc_0_dummy, serial_ice,
          serial_ice_g, serial_ice_k, serial_ice_d, serial_ice_h, uniq_joseph
D:10:     serial_shops, nicolae_shop_waterfront, lemuel_hellish_altar
D:11:     lair_entry_dummy
D:12:     spider_trap
D:13:     david_vaults_3, uniq_azrael
D:14:     minmay_hedge_maze
D:15:     grunt_enter_depths_magical_seal, serial_bayou_pond_d
Temple:   corrupted_temple
Lair:1:   cheibrodos_lair_river_kwai, serial_bayou_shore_a
Lair:2:   beast_lair_carwin_large_2, shoals_dummy_entry, worms_lemuel,
          infiniplex_staircase_pool, uniq_erica, uniq_harold, uniq_nergalle
Lair:3:   dummy_snake_entry, beast_lair_carwin_1
Lair:4:   grunt_megastairs_1
Lair:5:   ice2_lemuel, lemuel_fruit_tree
Lair:6:   guppyfry_lair_end_dragon, hangedman_lair_caniforms_friends,
          dpeg_slime_entry_enclosed_altar, basic_altar, special_room,
          st_stairs_3
Shoals:1: nicolae_shoals_drake_roost
Shoals:2: lemuel_centaur_altar, uniq_polyphemus
Shoals:3: cheibrodos_shoals_baths
Shoals:4: shoals_end_simple, shoal_ilsuiw, serial_shops, shop, yaktaur_hedge
Snake:1:  basic_altar, minmay_shop_star
Snake:2:  cheibrodos_snake_lava_hold
Snake:3:  serial_shops, shop, shop_scrolls, nicolae_shop_statue_plus, shop,
          serial_bayou_pond_b, uniq_aizul, uniq_mara, uniq_jorgrun
Snake:4:  grunt_snake_rune_serpentine_throne, basic_altar,
          portal_ice_cave_entry_frozen_things, minmay_shoptagon, uniq_asterion
Slime:2:  dissolution_awaits
Slime:3:  nicolae_slime_round_cave
Slime:4:  nicolae_slime_ancient_tower_intersection,
          cheibrodos_slime_lost_civilization_4
Orc:1:    uniq_josephine
Orc:2:    st_orc_town, serial_shops, nicolae_shop_crystal, basic_altar
Elf:1:    minmay_elf_arrival_circle, kennysheep_underground_church, spider_trap
Elf:2:    portal_desolation_entry_holy_temple
Elf:3:    minmay_elf_hall_dome, uniq_saint_roka
Vaults:1: nicolae_vaults_border_crossing, v_alt_pattern_1,
          nicolae_vaults_ring_of_whatevers, nicolae_vaults_ninety_degrees,
          hangedman_vaults_trim, v_misc_23, v_rooms_3, v_misc_4,
          vaults_dpeg_hooks, st_spiral_rooms, vaults_mumra_chevron
Vaults:2: v_misc_25, grunt_vaults_diagonal, nicolae_vaults_network_quinsquares,
          v_rooms_2, ontoclasm_vaults_decontamination, vaults_standard_mumra_x,
          v_alt_pattern_6, v_misc_12, hangedman_vaults_capsules, serial_shops,
          shop, shop, nicolae_shop_overgrown_old_shop, nicolae_shop_statue_plus,
          shop, uniq_bai_suzhen
Vaults:3: ontoclasm_vaults_chip, v_misc_5, ontoclasm_vaults_pinch,
          minmay_crypt_entry_simple_sparse, nicolae_vaults_triangles,
          vaults_dpeg_spiral, hangedman_vaults_nails, grunt_vaults_bifocal,
          ontoclasm_vaults_idyll, ontoclasm_vaults_ring_square,
          grunt_vaults_swirl, ontoclasm_vaults_shuriken, serial_shops,
          nicolae_shop_statue_plus
Vaults:4: nicolae_vaults_little_squares_4, v_misc_27, ontoclasm_vaults_spin,
          grunt_vaults_hallway_long, v_misc_29, hangedman_vaults_nails,
          hangedman_vaults_pinch, nicolae_vaults_asterisk,
          ontoclasm_vaults_gateway
Crypt:1:  nicolae_crypt_soggy_tomb, st_stairs_4, nicolae_crypt_small_crypt,
          grunt_crypt_arrival_webbed
Crypt:2:  cheibrodos_crypt_draghalla, grunt_ministairs_7, hex_medium,
          uniq_frederick
Crypt:3:  lightli_unholy_cathedral, tomb_entry_pyramid_bobbens, basic_altar
Depths:1: hell_entry, serial_shops, shop_fountains, abyss_entry,
          hangedman_decor_lopped, nooodl_orcs_dogs
Depths:2: minmay_ornate_pinched, minmay_misc_feat_four_crosses,
          grunt_hell_entry_dis_old
Depths:3: minmay_guarded_unrand_sceptre_of_torment, hangedman_coc_ice_floe,
          pan_entry, minmay_door_square, abyss_entry, serial_bayou_shore_b,
          serial_bayou_shore_b, infiniplex_staircase_diamond
Depths:4: minmay_the_grid_octo_tiled_octocenter_mashed, serial_shops,
          bzr_entry_water, hell_entry, serial_sigils,
          serial_sigils_hangedman_scar, serial_sigils_hangedman_confine,
          serial_sigils_hangedman_snap, serial_sigils_hangedman_gnaw,
          minmay_room_of_horrors, infiniplex_staircase_zigzag_4
Depths:5: evilmike_zot_entry_argh, enter_ziggurat_d, nrook_pool_corridor,
          hell_entry, hangedman_decor_points
Zot:1:    st_stairs_10, uniq_tiamat
Zot:2:    zot_minivault_6
Zot:3:    zot_minivault_1
Zot:5:    grunt_ministairs_10
Abyss:2:  minivault_22
Abyss:4:  hangedman_abyss_batty_box,
          evilmike_nicolae_abyss_rune_containment_curve
Zig:3:    ziggurat_pillar_centre_c
Zig:8:    ziggurat_pillar_centre_dead_trees
Zig:17:   ziggurat_pillar_centre_oklobs
Bazaar:   grunt_bazaar_doublecross
IceCv:    ice_cave_tombish

Table legend:
 A = Turns spent in this place as a percentage of turns spent in the entire game.
 B = Non-inter-level travel turns spent in this place as a percentage of non-inter-level travel turns spent in the entire game.
 C = Inter-level travel turns spent in this place as a percentage of turns spent in this place.
 D = Turns resting spent in this place as a percentage of non-inter-level travel turns spent in this place.
 E = Turns spent auto-exploring this place as a percentage of non-inter-level travel turns spent in this place.
 F = Non-inter-level travel turns spent in this place divided by the number of levels of this place that you've seen.
                   A       B       C       D       E      F
               +-------+-------+-------+-------+-------+----------------------
         Total | 100.0 | 100.0 |   0.6 |   0.9 |   5.2 | 376.3
       Dungeon |  18.0 |  17.9 |   1.1 |   1.4 |   6.5 | 376.5
        Temple |   0.0 |   0.0 |   6.7 |   0.0 |   0.0 |  14.0
          Lair |   9.4 |   9.4 |   0.7 |   0.5 |   5.4 | 496.5
        Shoals |   7.5 |   7.6 |   0.5 |   0.5 |   1.1 | 596.8
     Snake Pit |   9.3 |   9.3 |   0.4 |   1.8 |   3.8 | 738.8
    Slime Pits |   1.7 |   1.7 |   0.4 |   0.8 |   0.0 | 106.6
  Orcish Mines |   2.7 |   2.7 |   0.5 |   0.0 |   5.1 | 428.0
   Elven Halls |   4.1 |   4.1 |   0.5 |   0.3 |   8.3 | 431.3
        Vaults |  13.3 |  13.3 |   0.6 |   0.3 |   8.1 | 837.8
         Crypt |   4.0 |   4.0 |   0.4 |   0.3 |   8.6 | 421.3
        Depths |   7.7 |   7.7 |   0.8 |   1.1 |   8.5 | 488.4
           Zot |   7.9 |   8.0 |   0.5 |   1.4 |   4.5 | 502.6
         Abyss |   4.7 |   4.7 |   0.0 |   0.0 |   2.5 | 373.8
      Ziggurat |   5.9 |   6.0 |   0.0 |   1.7 |   0.0 |  99.3
        Bazaar |   0.1 |   0.1 |   0.0 |   0.0 |  21.4 |  28.0
      Ice Cave |   1.4 |   1.4 |   0.0 |   1.4 |   1.8 | 440.0
    Desolation |   2.2 |   2.2 |   0.0 |   0.6 |   0.0 | 687.0
               +-------+-------+-------+-------+-------+----------------------

Table legend:
 A = Kills in this place as a percentage of kills in entire the game.
 B = Kills by you in this place as a percentage of kills by you in the entire game.
 C = Kills by friends in this place as a percentage of kills by friends in the entire game.
 D = Other kills in this place as a percentage of other kills in the entire game.
 E = Experience gained in this place as a percentage of experience gained in the entire game.
 F = Experience gained in this place divided by the number of levels of this place that you have seen.
                   A       B       C       D       E      F
               +-------+-------+-------+-------+-------+----------------------
         Total | 100.0 | 100.0 | 100.0 | 100.0 | 100.0 | 26747.0
       Dungeon |  13.1 |  13.7 |   8.2 |   6.2 |   4.1 | 6088.5
          Lair |   9.4 |   7.6 |  24.7 |   6.2 |   3.1 | 11472.3
        Shoals |   5.0 |   4.4 |   9.4 |  12.5 |   3.4 | 18861.2
     Snake Pit |   7.4 |   6.0 |  19.4 |  12.5 |   5.9 | 33285.8
    Slime Pits |   1.6 |   1.8 |   0.3 |   0.0 |   2.8 | 12784.2
  Orcish Mines |   2.7 |   2.5 |   4.7 |   0.0 |   0.7 | 7310.5
   Elven Halls |   4.3 |   4.5 |   1.5 |  18.8 |   4.6 | 34302.7
        Vaults |  15.5 |  16.8 |   4.1 |   6.2 |  16.7 | 74821.2
         Crypt |   5.2 |   5.8 |   0.0 |   0.0 |   6.6 | 49298.3
        Depths |   9.5 |   9.3 |  11.2 |  12.5 |  12.0 | 53892.4
           Zot |   5.6 |   5.9 |   3.5 |   0.0 |  18.1 | 81270.2
         Abyss |   6.4 |   7.2 |   0.0 |   6.2 |   4.6 | 25783.5
      Ziggurat |  10.9 |  10.7 |  12.6 |  12.5 |  15.1 | 17877.2
      Ice Cave |   0.7 |   0.8 |   0.3 |   0.0 |   0.4 | 8923.0
    Desolation |   2.7 |   3.0 |   0.0 |   6.2 |   2.1 | 47008.0
               +-------+-------+-------+-------+-------+----------------------
